 Dungeon Crawl Stone Soup version 0.24-a0-271-ga0fc33f724 (webtiles) character file.

Game seed: 2167940817657229524

1259574 Redear the Middleweight Champion (level 27, -3/253 (258) HPs)
             Began as a Demonspawn Fighter on Apr 22, 2019.
             Was the Champion of Makhleb.
             Slain by an Executioner (15 damage)
             ... in Pandemonium on Apr 23, 2019.
             The game lasted 09:26:42 (85976 turns).

Redear the Middleweight Champion (DsFi)            Turns: 85976, Time: 09:26:42

HP:   -3/253 (258)  AC: 24    Str: 31    XL:     27
MP:   0/32          EV: 34    Int: 16    God:    Makhleb [******]
Gold: 5531          SH: 39    Dex: 18    Spells: 16/55 levels left

rFire    + + +     SeeInvis +     - Unarmed
rCold    + . .     Gourm    .   I - +8 large shield of Marbles {rF+ rN+ MP-9 Dex+6}
rNeg     + + +     Faith    .   (armour currently unavailable)
rPois    ∞         Spirit   +   (helmet unavailable)
rElec    +         Reflect  +   C - scarf {rC+ rF+}
rCorr    .         Harm     .   (gloves unavailable)
MR       +++..                  (boots unavailable)
Stlth    +++.......             O - +4 amulet of reflection
HPRegen  0.52/turn              A - ring "Emyeptin" {*Drain rN+++ Str+9 Int-2 Slay+1}
MPRegen  0.46/turn              P - ring of the Traitor {rF+ Int+2}

@: statue-form, weakened, berserk cooldown, very slightly contaminated, hasted
and slowed, very slow
A: antennae 3, claws 3, talons 3, clumsy 2, deterioration 2, frail 2, magic
resistance 1, nightstalker 3, sense surroundings 1, screaming 3, strong 1,
augmentation 3, magic shield, magic regeneration, magic link, no potion heal 2,
subdued magic 2, MP-powered wands
0: Orb of Zot
}: 9/15 runes: barnacled, silver, iron, obsidian, icy, bone, abyssal, demonic,
gossamer
a: End Transformation, Minor Destruction, Lesser Servant of Makhleb, Major
Destruction, Greater Servant of Makhleb, Renounce Religion


You were in Pandemonium.
You worshipped Makhleb.
Makhleb was exalted by your worship.
You were not hungry.
You were a stone statue.
You visited 16 branches of the dungeon, and saw 82 of its levels.
You visited Pandemonium 1 time, and saw 1 of its levels.
You visited the Abyss 2 times.
You visited 1 bazaar.
You completed 1 ziggurat, and saw 27 of its levels.
You also visited: Trove, Bailey, Ice Cave and Wizlab.

You collected 12448 gold pieces.
You spent 6917 gold pieces at shops.

Inventory:

Missiles
 w - 19 steel javelins (quivered)
 Z - 15 throwing nets {+f}
Armour
 a - a +2 large shield of reflection {Reflect}
 p - a +0 troll leather armour (melded) {regen}
 C - a scarf of resistance (worn)
 I - the +8 large shield of Marbles (worn) {rF+ rN+ MP-9 Dex+6}
   (You took it off a daeva on level 6 of Gehenna)

   It affects your dexterity (+6).
   It protects you from fire.
   It protects you from negative energy.
   It affects your magic capacity (-9).
Magical Staves
 b - an uncursed staff of energy {channel}
 q - an uncursed staff of wizardry {Wiz+}
Jewellery
 c - the ring of Phasing {EV+8}
   (You bought it in a shop on level 1 of the Shoals)

   [ring of evasion]

   It affects your evasion (+8).
 d - an uncursed amulet of rage {+Rage}
 g - an uncursed ring of resist corrosion
 o - the ring of Fanikh {rN+ Int+4}
   (You found it on level 26 of a ziggurat)

   [ring of positive energy]

   It affects your intelligence (+4).
   It protects you from negative energy.
 r - an uncursed amulet of regeneration {+Regen}
 s - the ring of Xom's Wantonness {rC+ rN++ Stlth+}
   (You found it on level 15 of a ziggurat)

   [ring of protection from cold]

   It protects you from cold.
   It greatly protects you from negative energy.
   It makes you more stealthy.
 t - the ring "Xehoump" {AC+2 Str+5}
   (You found it on level 5 of a ziggurat)

   [ring of protection]

   It affects your AC (+2).
   It affects your strength (+5).
 A - the ring "Emyeptin" (left claw) {*Drain rN+++ Str+9 Int-2 Slay+1}
   (You found it on level 20 of a ziggurat)

   [ring of slaying]

   It affects your strength (+9).
   It affects your intelligence (-2).
   It affects your accuracy and damage with ranged weapons and melee attacks
   (+1).
   It renders you almost immune to negative energy.
   It causes draining when unequipped.
 F - the ring of Robustness {AC+8}
   (You found it on level 18 of a ziggurat)

   [ring of protection]

   It affects your AC (+8).
 O - a +4 amulet of reflection (around neck)
 P - the ring of the Traitor (right claw) {rF+ Int+2}
   (You found it on level 13 of a ziggurat)

   [ring of intelligence]

   It affects your intelligence (+2).
   It protects you from fire.
 X - the ring "Pisu" {+Fly Str+3 Int+7}
   (You bought it in a shop on level 1 of the Shoals)

   [ring of flight]

   It affects your strength (+3).
   It affects your intelligence (+7).
   It lets you fly.
Wands
 D - a wand of digging (21)
Scrolls
 h - 6 scrolls of summoning
 i - 8 scrolls of fear
 x - 5 scrolls of enchant armour
 B - 16 scrolls of blinking {@r4}
 E - 14 scrolls of enchant weapon
 J - 25 scrolls of amnesia
 M - 5 scrolls of magic mapping
 N - 54 scrolls of remove curse {@r2}
 R - 12 scrolls of identify {@r1}
 T - 33 scrolls of teleportation {@r3}
 V - 21 scrolls of fog
Potions
 e - 6 potions of might {Str+5 DMG+1d10 | @q3}
 j - 7 potions of brilliance {Archmagi Int+5 Wiz++}
 l - 6 potions of flight
 m - 2 potions of ambrosia
 n - 2 potions of heal wounds {@q1}
 u - 3 potions of berserk rage
 G - 7 potions of agility {Stlth+ Dex+5 EV+5 | @q4}
 H - 4 potions of haste {@q5}
 K - 2 potions of cancellation
 L - 15 potions of mutation {!q}
 Q - 22 potions of curing {@q2}
 W - 9 potions of magic
 Y - 10 potions of lignification
Miscellaneous
 U - 12 phantom mirrors
Comestibles
 z - 47 rations


   Skills:
 O Level 27 Fighting
   Level 14.6(15.1) Axes
   Level 6.8(11.7) Polearms
 - Level 11.0 Armour
 O Level 27 Dodging
 - Level 13.8 Stealth
 - Level 25.0 Shields
 O Level 27 Unarmed Combat
 - Level 14.5 Spellcasting
 - Level 18.9 Hexes
 - Level 12.3 Charms
 - Level 15.0 Summonings
 - Level 12.3 Necromancy
 - Level 8.0 Translocations
 - Level 14.0 Transmutations
 + Level 21.7 Air Magic
 - Level 14.0 Earth Magic
 - Level 20.6 Invocations


You had 16 spell levels left.
You knew the following spells:

 Your Spells              Type           Power        Failure   Level  Hunger
c - Borgnjor's Vile Clut  Necr/Erth      ####......   1%          5    ####...
d - Regeneration          Chrm/Necr      ####......   1%          3    None
e - Lesser Beckoning      Tloc           ###.......   1%          3    None
f - Deflect Missiles      Chrm/Air       #####.....   1%          6    ######.
g - Apportation           Tloc           ###...       1%          1    None
A - Aura of Abjuration    Summ           #####.....   1%          5    ####...
J - Song of Slaying       Chrm           ####....     0%          2    None
R - Blink                 Tloc           N/A          1%          2    None
S - Darkness              Hex            #####.....   1%          6    ######.
Y - Statue Form           Tmut/Erth      #####....    1%          6    ######.

Your spell library contained the following spells:

 Spells                   Type           Power        Failure   Level  Hunger
 Animate Skeleton         Necr           N/A          0%          1    None
 Beastly Appendage        Tmut           #####.       0%          1    None
 Confusing Touch          Hex            #####.       0%          1    None
 Corona                   Hex            #####..      0%          1    None
 Infusion                 Chrm           ####         0%          1    None
 Shock                    Conj/Air       ####         0%          1    None
 Summon Butterflies       Summ           #####...     0%          1    None
 Summon Small Mammal      Summ           ####         0%          1    None
 Call Imp                 Summ           #####...     0%          2    None
 Corpse Rot               Necr           N/A          0%          2    None
 Passwall                 Tmut/Erth      #####...     0%          2    None
 Slow                     Hex            #####...     0%          2    None
 Sticks to Snakes         Tmut           #####...     0%          2    None
 Sublimation of Blood     Necr           ####......   0%          2    None
 Swiftness                Chrm/Air       #####...     0%          2    None
 Call Canine Familiar     Summ           #####...     0%          3    None
 Confuse                  Hex            #####...     0%          3    None
 Portal Projectile        Hex/Tloc       ####..       0%          3    None
 Spectral Weapon          Hex/Chrm       #####...     0%          3    None
 Summon Guardian Golem    Hex/Summ       #####...     0%          3    None
 Tukima's Dance           Hex            #####...     0%          3    None
 Airstrike                Air            ######....   0%          4    #......
 Cause Fear               Hex            #####.....   0%          4    #......
 Leda's Liquefaction      Hex/Erth       #####.....   0%          4    #......
 Summon Lightning Spire   Summ/Air       #####...     0%          4    #......
 Silence                  Hex/Air        #####.....   0%          5    ####...
 Ensorcelled Hibernation  Hex/Ice        ####..       1%          2    None
 Poisonous Vapours        Pois/Air       ####..       1%          2    None
 Shroud of Golubria       Chrm/Tloc      ####......   1%          2    None
 Dazzling Spray           Conj/Hex       ####..       1%          3    None
 Gell's Gravitas          Tloc           ###.......   1%          3    None
 Ignite Poison            Fire/Tmut/Pois ###.....     1%          3    None
 Inner Flame              Hex/Fire       ####....     1%          3    None
 Mephitic Cloud           Conj/Pois/Air  ###.....     1%          3    None
 Ozocubu's Armour         Chrm/Ice       ###.....     1%          3    None
 Recall                   Summ/Tloc      N/A          1%          3    None
 Spider Form              Tmut/Pois      ###.......   1%          3    None
 Static Discharge         Conj/Air       ####....     1%          3    None
 Stone Arrow              Conj/Erth      ###...       1%          3    None
 Teleport Other           Tloc           ###.....     1%          3    None
 Animate Dead             Necr           N/A          1%          4    #......
 Fulminant Prism          Conj/Hex       ####......   1%          4    #......
 Ice Form                 Ice/Tmut       ###.....     1%          4    #......
 Petrify                  Tmut/Erth      #####...     1%          4    #......
 Summon Ice Beast         Ice/Summ       ###.....     1%          4    #......
 Agony                    Necr           ####....     1%          5    ####...
 Blade Hands              Tmut           #####.....   1%          5    ####...
 Dispel Undead            Necr           ####....     1%          5    ####...
 Excruciating Wounds      Chrm/Necr      ####......   1%          5    ####...
 Lightning Bolt           Conj/Air       ####......   1%          5    ####...
 Metabolic Englaciation   Hex/Ice        ####......   1%          5    ####...
 Summon Forest            Summ/Tloc      ####......   1%          5    ####...
 Summon Mana Viper        Hex/Summ       #####...     1%          5    ####...
 Yara's Violent Unravell  Hex/Tmut       #####.....   1%          5    ####...
 Hydra Form               Tmut           #####.....   1%          6    ######.
 Invisibility             Hex            #####...     1%          6    ######.
 Shadow Creatures         Summ           N/A          1%          6    ######.
 Flame Tongue             Conj/Fire      #....        3%          1    None
 Freeze                   Ice            #...         3%          1    None
 Magic Dart               Conj           #...         3%          1    None
 Sting                    Conj/Pois      #...         3%          1    None
 Death Channel            Necr           ####......   3%          6    ######.
 Searing Ray              Conj           #.....       5%          2    None
 Throw Flame              Conj/Fire      #.....       5%          2    None
 Throw Frost              Conj/Ice       #.....       5%          2    None
 Alistair's Intoxication  Tmut/Pois      ###.....     5%          5    ####...
 Irradiate                Conj/Tmut      ###.......   5%          5    ####...
 Conjure Ball Lightning   Conj/Air       ####......   6%          6    ######.
 Monstrous Menagerie      Summ           #####.....   6%          7    #######
 Summon Greater Demon     Summ           #####.....   6%          7    #######
 Summon Hydra             Summ           #####.....   6%          7    #######
 Force Lance              Conj/Tloc      ###.....     7%          4    #......
 Bolt of Draining         Conj/Necr      ###.......   9%          5    ####...
 Iskenderun's Battlesphe  Conj/Chrm      ###.....     9%          5    ####...
 Dragon Form              Tmut           #####.....   11%         7    #######
 Discord                  Hex            #####.....   11%         8    #######
 Conjure Flame            Conj/Fire      #.......     12%         3    None
 Bolt of Magma            Conj/Fire/Erth ###.......   17%         5    ####...
 Malign Gateway           Summ/Tloc      ####......   30%         7    #######
 Freezing Cloud           Conj/Ice/Air   ###.......   32%         6    ######.
 Iron Shot                Conj/Erth      ###.......   36%         6    ######.
 Iskenderun's Mystic Bla  Conj           #.......     41%         4    #......
 Olgreb's Toxic Radiance  Pois           #.......     41%         4    #......
 Sticky Flame             Conj/Fire      #.......     41%         4    #......
 Throw Icicle             Conj/Ice       #.......     41%         4    #......
 Simulacrum               Ice/Necr       ###.......   47%         6    ######.
 Summon Horrible Things   Summ           #####.....   52%         8    #######
 Tornado                  Air            ######....   52%         9    #######
 Fireball                 Conj/Fire      #.........   78%         5    ####...
 Venom Bolt               Conj/Pois      #.........   78%         5    ####...
 Necromutation            Tmut/Necr      ####......   80%         8    #######
 Spellforged Servitor     Conj/Summ      ###.......   88%         7    #######
 Ring of Flames           Chrm/Fire      ###.......   97%         7    #######
 Chain Lightning          Conj/Air       ####......   98%         8    #######
 Bolt of Fire             Conj/Fire      #.........   100%        6    ######.
 Ozocubu's Refrigeration  Ice            #.........   100%        6    ######.
 Poison Arrow             Conj/Pois      #.........   100%        6    ######.
 Orb of Destruction       Conj           #.........   100%        7    #######
 Controlled Blink         Tloc           N/A          100%        8    #######
 Ignition                 Fire           #.........   100%        8    #######
 Lehudib's Crystal Spear  Conj/Erth      ###.......   100%        8    #######
 Dragon's Call            Summ           #####.....   100%        9    #######
 Fire Storm               Conj/Fire      #.........   100%        9    #######
 Glaciate                 Conj/Ice       #.........   100%        9    #######
 Shatter                  Erth           #####.....   100%        9    #######
 Passage of Golubria      Tloc           Unusable     N/A         4    N/A

Dungeon Overview and Level Annotations

Branches:
Dungeon (15/15)            Temple (1/1) D:4            Lair (6/6) D:10
 Shoals (4/4) Lair:2       Spider (4/4) Lair:3        Slime (0/5) Lair:5
    Orc (2/2) D:11            Elf (3/3) Orc:2        Vaults (5/5) D:13
  Crypt (3/3) Vaults:3       Tomb (0/3) Crypt:3      Depths (5/5) D:15
   Hell (1/1)                 Dis (7/7) Hell            Geh (7/7) Hell
    Coc (7/7) Hell            Tar (7/7) Hell            Zot (5/5) Depths:5

Altars:
Ashenzari
Cheibriados
Dithmenos
Elyvilon
Fedhas
Gozag
Hepliaklqana
Kikubaaqudgha
Makhleb
Nemelex Xobeh
Okawaru
Qazlal
Ru
Trog
Uskayaw
Vehumet
Wu Jian
Xom
Yredelemnul
Zin
The Shining One
Beogh

Shops:
Orc:1 !   Orc:2 =(*[   Elf:3 :*   Shoals:1 =

Portals:
Hell: Depths:1 Depths:2 Depths:3 Depths:4 Depths:5
Abyss: Depths:3 Depths:4 Depths:5
Pandemonium: Depths:3 Depths:4 Depths:5


Innate Abilities, Weirdness & Mutations

You have a pair of large antennae on your head. (SInv)
You have claws for hands.
You have claws for feet.
You are completely attuned to the shadows.
Your magical and physical power is greatly enhanced at high health.
When hurt, damage is shared between your health and your magic reserves.
You regenerate magic rapidly.
When low on magic, you restore magic in place of health.
You are very clumsy. (Dex -4)
Your body often deteriorates upon taking damage.
You are very frail. (-20% HP)
You are resistant to hostile enchantments. (MR+)
You passively map a small area around you.
You frequently scream uncontrollably at your foes.
Your muscles are strong. (Str +2)
Potions are poor at restoring your health.
Your spells are easier to cast, but less powerful.
You expend magic power (3 MP) to strengthen your wands.


Message History

The Executioner hits you but does no damage.
The Executioner barely misses you. The Executioner completely misses you.
The Executioner misses you. You block the Executioner's attack.
The gelid black sun hits you from afar with a +1 demon trident of venom!!
* * * LOW HITPOINT WARNING * * *
You resist. The Executioner hits you!!
* * * LOW HITPOINT WARNING * * *
You resist.
The Executioner hits you but does no damage.
You block the Executioner's attack. The monstrous warmonger hits you!
* * * LOW HITPOINT WARNING * * *
You feel your power leaking away.
The monstrous warmonger completely misses you.
The monstrous warmonger gores you!
* * * LOW HITPOINT WARNING * * *
The Executioner hits you but does no damage.
The Executioner completely misses you.
The Executioner hits you but does no damage.
The Executioner hits you!
You die...

, ,, , , ,
{ , , , {
,
.....{...
,,
........{
,
*,..6.....
.##, ,
**#63....
, * ..# ,
#161..., ,
..# ,,
#81....
..# , ,
#.1....
.## ,,
,###.... ,
, .#G ,
.... , .##
, , , ,..
, .$# , ,
,, , * .!#
, , , , ,
, $ , , *
{ , ,


You could see a Hell Sentinel, 2 demonspawn, a gelid black sun, 3 Executioners
and a soul eater.

Vanquished Creatures
  Asmodeus (Geh:7)
  Antaeus (Coc:7)
  Ereshkigal (Tar:7)
  5 seraphim
  Dispater (Dis:7)
  10 orbs of fire
  Mara (Vaults:5)
  Mennas (Crypt:2)
  12 ancient liches
  12 juggernauts
  56 pandemonium lords
  10 shard shrikes
  Bai Suzhen (Spider:3)
  12 Killer Klowns
  The ghost of MrRokkomies the Whirler, a veteran HaHu of Okawaru (Depths:2)
  4 caustic shrikes
  A curse toe (Zot:3)
  Geryon (Hell)
  27 golden dragons
  7 bone dragons
  Jory (Vaults:4)
  A pearl dragon (Pan)
  The ghost of Nauled the Scorcher, a veteran GrFE of Vehumet (Depths:4)
  3 doom hounds (Zig:15)
  9 profane servitors
  24 Brimstone Fiends
  28 liches
  3 electric golems (Zot:5)
  2 iron giants (Dis:7)
  32 Tzitzimimeh
  13 hellephants
  Jorgrun (Elf:2)
  25 tentacled monstrosities
  Rupert (Lair:5)
  23 Hell Sentinels
  25 Ice Fiends
  96 Orb Guardians
  17 deep elf blademasters
  14 quicksilver dragons
  12 titans
  8 deep elf master archers
  Frances (Spider:2)
  A kraken (Shoals:4)
  6 death cobs
  11 Executioners
  21 ancient champions
  An eldritch tentacle (Geh:6)
  5 tentacled starspawn
  6 sphinxes
  5 tengu reavers
  25 storm dragons
  3 thorn hunters
  20 shadow dragons
  7 revenants
  14 daevas
  Donald (Elf:1)
  13 draconian monks
  An azure jelly (shapeshifter) (Zig:19)
  5 deep elf sorcerers
  32 nagarajas
  Ilsuiw (Shoals:4)
  44 fire giants
  27 frost giants
  9 draconian knights
  8 ghost moths
  10 draconian scorchers
  7 iron dragons
  5 emperor scorpions (Spider:4)
  11 vault wardens
  Louise (Spider:3)
  40 balrugs
  9 draconian stormcallers
  17 cacodemons
  A juggernaut zombie (Zig:27)
  11 draconian shifters
  A curse skull (Zig:8)
  10 orc warlords
  3 warmongers
  22 ironheart preservers
  5 deep elf elementalists (Elf:3)
  30 very ugly things
  2 elemental wellsprings (Coc:7)
  13 angels
  43 reapers
  6 ghouls
  9 draconian annihilators
  8 entropy weavers
  2 spriggan defenders
  6 blood saints
  A caustic shrike skeleton (Zig:12)
  12 war gargoyles
  39 stone giants
  19 deep elf demonologists
  17 deep elf annihilators
  12 vampire knights
  5 black suns
  2 corrupters
  14 lorocyprocas
  12 dire elephants
  13 red draconians
  13 green draconians
  12 black draconians
  A dire elephant (shapeshifter) (Zig:19)
  14 spark wasps
  11 white draconians
  11 yellow draconians
  35 small abominations
  2 eidola (Crypt:2)
  31 purple draconians
  4 merfolk javelineers (Shoals:4)
  3 mummy priests (Crypt:3)
  An ettin (shapeshifter) (Depths:4)
  7 deep elf death magi
  26 blizzard demons
  Josephine (D:11)
  32 green deaths
  18 ettins
  10 merfolk impalers
  8 quicksilver dragon zombies
  23 jiangshi
  13 fire dragons
  3 kraken zombies
  7 monstrous demonspawn
  12 great orbs of eyes
  21 deep elf high priests
  31 ice dragons
  10 rakshasas
  19 yaktaur captains
  7 naga warriors
  29 vault guards
  3 ghost crabs
  7 hell beasts
  24 hydras
  A catoblepas (Zig:26)
  13 centaur warriors
  7 death knights
  6 quicksilver dragon skeletons
  6 merfolk avatars
  An alligator (shapeshifter) (Vaults:5)
  4 spriggan air magi
  10 shambling mangroves
  3 merfolk aquamancers (Shoals:4)
  66 two-headed ogres
  45 dancing weapons
  4 alligators
  An alligator snapping turtle (Shoals:3)
  4 anacondas
  8 death scarabs (Spider:4)
  3 satyrs
  5 death yaks
  4 tengu warriors
  7 deep troll shamans
  9 deep troll earth magi
  23 ogre magi
  60 large abominations
  4 thrashing horrors
  25 hell hogs
  Urug (Orc:2)
  4 titan zombies
  14 vampire magi
  7 naga sharpshooters
  Sonja (D:11)
  9 spriggan berserkers
  34 soul eaters
  4 iron golems (Dis:7)
  7 shock serpents
  11 orc high priests
  39 sun demons
  14 iron trolls
  5 storm dragon zombies
  116 skeletal warriors
  9 wretched stars
  3 fire crabs (Zig:20)
  2 salamander mystics
  47 deep elf knights
  18 sixfirhies
  17 shadow wraiths
  Nergalle (Lair:3)
  2 fire crabs (shapeshifter)
  2 titan skeletons
  15 hell knights
  14 death drakes
  3 storm dragon skeletons
  6 gelid demonspawn
  4 anaconda zombies
  41 deep trolls
  A sea snake (shapeshifter) (Depths:4)
  7 cherubim
  8 torturous demonspawn
  4 golden dragon zombies
  A spectral emperor scorpion (Spider:4)
  3 ghost moth zombies
  2 spatial maelstroms (Abyss:3)
  An unseen horror (Abyss:1)
  28 shadow demons
  5 sea snakes
  34 deep elf archers
  11 glowing orange brains
  9 infernal demonspawn
  A kraken simulacrum (Hell)
  4 naga ritualists (Zig:25)
  A swamp dragon (shapeshifter) (Vaults:5)
  4 golden dragon skeletons
  2 spriggan druids
  A wizard (Vaults:3)
  16 swamp dragons
  2 obsidian statues (Zig:5)
  19 flayed ghosts
  5 shadow dragon zombies
  An orange crystal statue (Vaults:1)
  10 ironbrand convokers
  A sphinx zombie (Zig:15)
  7 anaconda skeletons
  19 harpies
  11 necromancers
  13 phantasmal warriors
  3 spectral wolf spiders (Spider:4)
  A tengu skeleton (Zig:15)
  5 wolf spider zombies
  29 orc knights
  2 shining eyes (Abyss:3)
  9 iron dragon zombies
  42 ugly things
  3 oklob plants
  A wolf spider (shapeshifter) (Zig:5)
  11 frost giant zombies
  15 fauns
  2 mana vipers
  A shining eye (shapeshifter) (Depths:1)
  12 orc sorcerers
  28 wolf spiders
  9 fire giant zombies
  A worldbinder (Abyss:3)
  112 deep elf magi
  12 orb spiders
  2 shadow dragon skeletons
  8 cyclopes
  8 manticores
  5 stone giant zombies
  A salamander (shapeshifter) (Elf:1)
  7 salamanders
  An iron dragon skeleton (Geh:1)
  30 black mambas
  2 moths of wrath (shapeshifter)
  2 shock serpent zombies (Crypt:1)
  2 sphinx skeletons
  10 guardian serpents
  2 spriggan zombies (Zig:27)
  Maurice (D:8)
  A guardian serpent (shapeshifter) (Vaults:2)
  38 moths of wrath
  4 stone giant skeletons
  7 fire giant skeletons
  3 toenail golems
  2 apocalypse crabs (Zig:19)
  8 water nymphs
  5 elephants
  12 merfolk sirens
  4 torpor snails
  12 naga magi
  24 rust devils
  5 titan simulacra (Coc:7)
  7 ice statues
  A black mamba (shapeshifter) (Vaults:1)
  5 human skeletons
  2 molten gargoyles (Geh:7)
  28 smoke demons
  11 vault sentinels
  8 frost giant skeletons
  2 spriggan skeletons (Zig:27)
  A catoblepas zombie (Geh:6)
  3 dire elephant zombies
  2 storm dragon simulacra (Coc:7)
  A gargoyle (D:10)
  A spiny frog (shapeshifter) (D:13)
  A yaktaur zombie (D:15)
  3 emperor scorpion zombies
  16 spiny frogs
  A torpor snail (shapeshifter) (Depths:2)
  A yaktaur (shapeshifter) (Depths:4)
  35 hellions
  34 orange demons
  4 rime drakes
  6 dire elephant skeletons
  5 spectral redbacks (Spider:4)
  A rime drake (shapeshifter) (D:13)
  An alligator snapping turtle skeleton (Crypt:1)
  18 komodo dragons
  35 ice devils
  28 yaktaurs
  3 shock serpent skeletons
  A kobold demonologist (D:10)
  33 freezing wraiths
  A tengu conjurer (Depths:2)
  10 efreet
  2 anaconda simulacra (Coc:7)
  6 ancient zymes
  A queen bee (shapeshifter) (Zig:17)
  26 tormentors
  4 komodo dragons (shapeshifter)
  21 demonic crawlers
  7 guardian mummies
  A minotaur skeleton (Crypt:2)
  A pale draconian skeleton (Crypt:1)
  40 red devils
  A silent spectre (Zig:15)
  21 hellwings
  13 hydra zombies
  A redback zombie (Spider:4)
  A spectral jumping spider (Spider:4)
  2 golden dragon simulacra
  A queen bee (Lair:3)
  3 harpy zombies
  A grey draconian skeleton (Crypt:1)
  2 yaktaur skeletons
  23 merfolk
  9 trolls
  6 wind drakes
  A hornet (shapeshifter) (Zig:19)
  19 polar bears
  27 jumping spiders
  7 tyrant leeches
  29 hornets
  Grinder (D:3)
  2 harpy skeletons
  A human simulacrum (Vaults:1)
  6 spectral tarantellas (Spider:4)
  14 blink frogs
  6 hydra skeletons
  13 hippogriffs
  A snapping turtle (shapeshifter) (Vaults:5)
  3 tarantella zombies (Spider:4)
  7 snapping turtles
  7 bog bodies
  6 alligator zombies
  A frost giant simulacrum (Zig:6)
  18 raiju (Abyss:3)
  7 dream sheep
  36 slime creatures
  6 ettin zombies
  A jumping spider zombie (Spider:4)
  2 fire dragon zombies
  4 ice dragon zombies
  83 flying skulls
  3 alligator skeletons
  2 stone giant simulacra
  22 water elementals
  2 fire dragon skeletons
  16 ynoxinuls
  6 ice dragon skeletons
  37 tarantellas
  A centaur simulacrum (D:9)
  Sigmund (D:5)
  71 redbacks
  5 air elementals
  30 wraiths
  20 shadows
  35 starcursed masses
  6 wyverns
  5 spriggans
  5 vampires
  45 yaks
  2 elf zombies
  22 fire elementals
  5 basilisks
  A human (shapeshifter) (D:15)
  3 ettin skeletons
  A black mamba skeleton (Coc:6)
  18 golden eyes
  2 steam dragons (D:7)
  15 chaos spawn
  17 neqoxecs
  Menkaure (D:5)
  4 hungry ghosts
  8 wargs
  9 vampire mosquitoes
  Edmund (D:4)
  3 spatial vortices (Abyss:3)
  3 soldier ants (shapeshifter)
  4 acid dragons
  A two-headed ogre zombie (WizLab)
  9 nagas
  A soldier ant (D:15)
  6 insubstantial wisps
  24 water moccasins
  10 spiny frog zombies
  2 floating eyes
  38 hell hounds
  10 porcupines
  Duvessa (D:4)
  2 hydra simulacra
  11 ice beasts
  3 spectral hornets (Spider:4)
  6 swamp drakes
  A floating eye (shapeshifter) (Vaults:5)
  A spiny frog skeleton (Hell)
  2 black bears (D:10)
  76 orc warriors
  A swamp dragon zombie (Geh:4)
  6 sky beasts
  A swamp drake (shapeshifter) (Vaults:5)
  A fire dragon simulacrum (Crypt:2)
  A hornet zombie (D:9)
  6 necrophages
  9 boggarts
  10 eyes of draining
  3 ettin simulacra
  A dream sheep skeleton (Crypt:3)
  63 ogres
  6 phantoms
  17 centaurs
  2 snapping turtle zombies
  19 crocodiles
  20 wolves
  6 snapping turtle skeletons
  2 big kobolds (D:10)
  17 bullfrogs
  5 earth elementals
  A wyvern zombie (D:7)
  2 elf skeletons
  Dowan (D:4)
  3 scorpions
  4 troll zombies (WizLab)
  43 killer bees
  A snapping turtle simulacrum (Crypt:3)
  39 wights
  A troll skeleton (Crypt:3)
  3 howler monkeys
  3 vampire bats (Abyss:1)
  4 electric eels (D:12)
  4 centaur zombies
  10 crimson imps
  A bullfrog zombie (D:6)
  36 orc priests
  8 hounds
  2 quasits (Abyss:1)
  16 iron imps
  4 jellies
  41 orc wizards
  2 centaur skeletons
  4 human zombies (Crypt:1)
  3 iguanas
  12 worker ants
  Ijyb (D:3)
  Natasha (twice) (D:2)
  5 hell rats
  A big kobold zombie (Crypt:2)
  A felid zombie (Crypt:2)
  10 ogre zombies
  2 naga zombies (Crypt:1)
  2 demigod skeletons (Crypt:2)
  An ogre skeleton (Crypt:2)
  A felid skeleton (Crypt:1)
  A hound zombie (D:10)
  2 naga skeletons
  A hound skeleton (D:4)
  9 mummies
  3 worker ant zombies
  11 gnolls
  3 river rats (Lair:3)
  5 adders
  A howler monkey skeleton (Crypt:1)
  13 shadow imps
  9 white imps
  An ufetubus (Abyss:3)
  5 oozes
  2 adder skeletons
  4 worms
  A ball lightning (Depths:4)
  A dart slug (shapeshifter) (D:13)
  9 dart slugs (D:5)
  5 leopard geckos
  160 orcs
  A ball python (D:1)
  3 giant cockroaches
  13 goblins
  7 hobgoblins
  21 jackals
  8 kobolds
  7 quokkas
  6 bats
  7 frilled lizards
  A frilled lizard zombie (Crypt:3)
  A giant cockroach zombie (Crypt:1)
  A jackal skeleton (D:5)
  A kobold skeleton (Crypt:1)
  7 rats
  2 bushes (Bazaar)
  17 crawling corpses
  A fungus (D:10)
  A macabre mass (Abyss:3)
  3 plants
  5 starspawn tentacles
  9 tentacles
  A withered plant (D:15)
5426 creatures vanquished.

Vanquished Creatures (collateral kills)
  A tentacled monstrosity (Vaults:5)
  2 yaktaur captains (Vaults:5)
  A vault guard (Vaults:5)
  A rust devil (Coc:6)
  2 red devils (Coc:6)
  A hydra skeleton (Coc:6)
  A golden eye (shapeshifter) (Vaults:5)
9 creatures vanquished.

Vanquished Creatures (others)
  A profane servitor (Zig:13)
  A hellephant (Zig:26)
  A deep elf blademaster (Zig:22)
  A quicksilver dragon (Zot:2)
  4 deep elf master archers
  3 nagarajas (Zig:25)
  A draconian knight (Zig:18)
  2 fire giants (Zig:20)
  A spriggan defender (Depths:4)
  An elemental wellspring (Coc:7)
  3 stone giants
  A black draconian (Zot:2)
  A deep elf demonologist (Zig:22)
  A purple draconian (Zig:18)
  A merfolk javelineer (Depths:2)
  2 green deaths (Zig:23)
  3 fire dragons
  A deep elf high priest (Zig:22)
  4 hydras (Zig:24)
  A monstrous demonspawn (Tar:4)
  2 hell beasts (Coc:7)
  A merfolk aquamancer (Shoals:4)
  An alligator (Zig:10)
  An ogre mage (Vaults:4)
  A shock serpent (Zig:25)
  3 deep elf knights
  A small abomination (Zig:17)
  An unseen horror (D:12)
  A deep troll (Vaults:5)
  A shadow demon (Tar:7)
  A death drake (Zig:24)
  A swamp dragon (Zig:24)
  A wizard (Depths:1)
  8 deep elf archers
  4 deep elf magi
  A wolf spider (Vaults:5)
  2 black mambas (Zig:25)
  A spiny frog (Zig:24)
  A hydra zombie (Geh:7)
  6 yaktaurs
  A troll (shapeshifter) (Vaults:3)
  A red devil (Coc:6)
  3 hornets (Zig:23)
  A blink frog (Zig:9)
  2 shadows
  5 water elementals
  A fire elemental (Zig:14)
  A wraith (Geh:2)
  2 chaos spawn (Pan)
  2 water moccasins
  A swamp drake (Zig:23)
  An orc warrior (Zig:21)
  2 centaurs
  A yak zombie (Crypt:3)
  A killer bee (Lair:3)
  3 wights
  An electric eel (D:12)
  A starcursed mass (Abyss:3)
  An orc priest (Vaults:1)
  An iron imp (Dis:7)
  A hell rat (Hell)
  A naga skeleton (Geh:6)
  A shadow imp (Zig:15)
  A ball lightning (Depths:4)
  3 orcs
  A bush (Abyss:3)
  A crawling corpse (Elf:3)
  38 fungi
  A lurking horror (Abyss:3)
  12 plants
  9 starspawn tentacles
  21 tentacles
  2 withered plants (D:15)
197 creatures vanquished.

Grand Total: 5632 creatures vanquished

Notes
Turn   | Place    | Note
-------+----------+-------------------------------------------
     0 | D:1      | Redear the Demonspawn Fighter began the quest for the Orb.
     0 | D:1      | Reached XP level 1. HP: 18/18 MP: 1/1
   170 | D:1      | Reached skill level 2 in Axes
   170 | D:1      | Gained mutation: When hurt, damage is shared between your
                  | health and your magic reserves. [demonic ancestry]
   170 | D:1      | Reached XP level 2. HP: 20/24 MP: 2/2
   706 | D:1      | Reached skill level 3 in Shields
   794 | D:2      | Reached skill level 1 in Dodging
   832 | D:2      | Reached XP level 3. HP: 19/29 MP: 3/3
   996 | D:2      | Found a bloodstained altar of Trog.
  1131 | D:2      | Found a sparkling altar of Nemelex Xobeh.
  1192 | D:2      | Noticed Natasha
  1199 | D:2      | Killed Natasha
  1259 | D:2      | Gained mutation: You have sharp toenails. [demonic
                  | ancestry]
  1259 | D:2      | Reached XP level 4. HP: 35/35 MP: 4/4
  1268 | D:2      | Noticed Natasha
  1281 | D:2      | Killed Natasha
  1532 | D:3      | Reached XP level 5. HP: 42/42 MP: 5/5
  1574 | D:3      | Reached skill level 2 in Dodging
  1663 | D:3      | Noticed Ijyb
  1668 | D:3      | Killed Ijyb
  1858 | D:3      | Reached skill level 3 in Axes
  1877 | D:3      | Noticed Grinder
  1898 | D:3      | Killed Grinder
  1898 | D:3      | Reached skill level 4 in Fighting
  1898 | D:3      | Reached skill level 4 in Shields
  1898 | D:3      | Gained mutation: You have a pair of small antennae on your
                  | head. [demonic ancestry]
  1898 | D:3      | Reached XP level 6. HP: 16/49 MP: 0/6
  2320 | D:3      | Found a glowing silver altar of Zin.
  2586 | D:4      | Found a sacrificial altar of Ru.
  2646 | D:4      | Reached skill level 3 in Dodging
  2726 | D:4      | Found a radiant altar of Vehumet.
  2766 | D:4      | Gained mutation: You have a pair of antennae on your head.
                  | [demonic ancestry]
  2766 | D:4      | Reached XP level 7. HP: 55/55 MP: 5/7
  2882 | D:4      | Found a staircase to the Ecumenical Temple.
  2896 | Temple   | Entered the Ecumenical Temple
  2906 | Temple   | Became a worshipper of Warmaster Okawaru
  3025 | D:4      | Reached skill level 4 in Axes
  3453 | D:4      | Found a bloodstained altar of Trog.
  3539 | D:5      | Entered Level 5 of the Dungeon
  3575 | D:5      | Reached skill level 1 in Invocations
  3576 | D:5      | Reached skill level 5 in Fighting
  3583 | D:5      | Noticed Menkaure
  3587 | D:5      | Killed Menkaure
  3587 | D:5      | Reached skill level 2 in Invocations
  3643 | D:5      | Reached * piety under Okawaru
  3754 | D:5      | Gained mutation: You have a pair of large antennae on your
                  | head. (SInv) [demonic ancestry]
  3754 | D:5      | Reached XP level 8. HP: 59/62 MP: 5/9
  3754 | D:5      | Noticed Edmund
  3755 | D:5      | Noticed Duvessa
  3757 | D:5      | Noticed Sigmund
  3758 | D:5      | Noticed Dowan
  3841 | D:4      | Reached skill level 4 in Dodging
  3841 | D:4      | Reached skill level 5 in Shields
  3915 | D:5      | Reached skill level 3 in Invocations
  3964 | D:4      | Killed Edmund
  3964 | D:4      | Reached skill level 3 in Armour
  4272 | D:4      | Killed Duvessa
  4272 | D:4      | Reached skill level 4 in Invocations
  4278 | D:4      | Killed Dowan
  4278 | D:4      | Reached ** piety under Okawaru
  4278 | D:4      | Reached skill level 5 in Axes
  4336 | D:5      | Reached skill level 6 in Fighting
  4471 | D:5      | Found an opulent altar of Gozag.
  4899 | D:5      | Found a stormy altar of Qazlal.
  4936 | D:5      | Killed Sigmund
  5063 | D:6      | Gained mutation: You have sharp fingernails. [demonic
                  | ancestry]
  5063 | D:6      | Reached XP level 9. HP: 69/69 MP: 12/12
  5122 | D:6      | Reached skill level 5 in Invocations
  5133 | D:6      | HP: 4/71 [gnoll/+0 halberd (14)]
  5252 | D:6      | Reached skill level 5 in Dodging
  5435 | D:6      | Reached skill level 4 in Armour
  5755 | D:6      | Reached skill level 6 in Shields
  5882 | D:7      | Reached *** piety under Okawaru
  5886 | D:7      | Reached skill level 6 in Invocations
  5942 | D:7      | Reached skill level 6 in Axes
  6045 | D:7      | Reached skill level 7 in Fighting
  6082 | D:7      | Gained mutation: You have very sharp fingernails. [demonic
                  | ancestry]
  6082 | D:7      | Reached XP level 10. HP: 57/79 MP: 5/14
  6259 | D:7      | Reached skill level 5 in Armour
  6446 | D:7      | Reached **** piety under Okawaru
  6455 | D:7      | Reached skill level 6 in Dodging
  6510 | D:7      | Reached skill level 7 in Invocations
  6788 | D:8      | Noticed a two-headed ogre
  6805 | D:7      | Killed a two-headed ogre
  6805 | D:7      | Reached skill level 7 in Shields
  7019 | D:8      | Found a snail-covered altar of Cheibriados.
  7101 | D:8      | Noticed Maurice
  7113 | D:8      | Killed Maurice
  7411 | D:8      | Found an ancient bone altar of Kikubaaqudgha.
  7778 | D:9      | Reached skill level 7 in Axes
  7778 | D:9      | Reached skill level 8 in Invocations
  7804 | D:9      | Reached skill level 8 in Fighting
  7804 | D:9      | Reached XP level 11. HP: 18/86 MP: 4/17
  8264 | D:9      | Reached skill level 6 in Armour
  8904 | D:10     | Entered Level 10 of the Dungeon
  8932 | D:10     | Received a gift from Okawaru
  9750 | D:10     | Reached skill level 7 in Dodging
  9899 | D:10     | Reached skill level 9 in Invocations
  9973 | D:10     | Found a staircase to the Lair.
 10279 | D:11     | Noticed Sonja
 10292 | D:11     | Killed Sonja
 10292 | D:11     | Reached ***** piety under Okawaru
 10292 | D:11     | Reached skill level 8 in Shields
 10373 | D:11     | Noticed Josephine
 10390 | D:11     | Killed Josephine
 10401 | D:11     | Received a gift from Okawaru
 10499 | D:11     | You fall through a shaft for 2 floors!
 10500 | D:13     | Noticed a two-headed ogre
 10514 | D:13     | Killed a two-headed ogre
 10514 | D:13     | Reached skill level 7 in Armour
 10552 | D:13     | Reached skill level 9 in Fighting
 10558 | D:13     | Reached skill level 8 in Axes
 10574 | D:12     | Gained mutation: You regenerate magic rapidly. [demonic
                  | ancestry]
 10574 | D:12     | Reached XP level 12. HP: 62/94 MP: 11/19
 10632 | D:13     | Noticed a centaur warrior
 10636 | D:13     | Noticed a seven-headed hydra
 10649 | D:13     | Killed a seven-headed hydra
 10660 | D:13     | Killed a centaur warrior
 10684 | D:13     | Reached skill level 10 in Invocations
 11095 | D:11     | Paralysed by a hornet for 3 turns
 11322 | D:11     | Reached skill level 8 in Dodging
 11573 | D:11     | Found a staircase to the Orcish Mines.
 11604 | D:11     | Got a translucent scale mail
 11616 | D:11     | Identified the +6 scale mail of Failure {rC- Str+7 Int+5
                  | Stlth+} (You found it on level 11 of the Dungeon)
 12862 | D:13     | Reached skill level 9 in Shields
 13057 | D:13     | Reached skill level 8 in Armour
 13182 | D:13     | Noticed an anaconda
 13190 | D:13     | an anaconda changed into a slime creature
 13490 | D:13     | Found a gate to the Vaults.
 14002 | D:14     | Reached skill level 9 in Axes
 14006 | D:14     | Reached skill level 10 in Fighting
 14058 | D:14     | Noticed a centaur warrior
 14072 | D:14     | Killed a centaur warrior
 14072 | D:14     | Received a gift from Okawaru
 14874 | D:14     | Found a blossoming altar of Fedhas.
 15039 | D:15     | Entered Level 15 of the Dungeon
 15093 | D:15     | Noticed a centaur warrior
 15100 | D:15     | Killed a centaur warrior
 15148 | D:15     | Reached XP level 13. HP: 67/103 MP: 10/20
 15315 | D:15     | Reached skill level 9 in Dodging
 15834 | Lair:1   | Entered Level 1 of the Lair of Beasts
 16306 | Lair:1   | Reached skill level 9 in Armour
 16521 | Lair:1   | Found an opulent altar of Gozag.
 16902 | Lair:1   | Received a gift from Okawaru
 16920 | Lair:1   | Reached skill level 10 in Shields
 17184 | Lair:2   | Found a staircase to the Shoals.
 17211 | Lair:2   | Reached skill level 11 in Fighting
 17815 | Lair:2   | Got an ancient spear
 17817 | Lair:2   | Identified the +8 spear of Foyron {protect, MP-9 Int+3
                  | SInv} (You found it on level 2 of the Lair of Beasts)
 17997 | Lair:3   | Found a hole to the Spider Nest.
 18447 | Lair:3   | Noticed Nergalle
 18458 | Lair:3   | Reached skill level 10 in Dodging
 18494 | Lair:3   | Killed Nergalle
 19592 | Lair:4   | Gained mutation: When low on magic, you restore magic in
                  | place of health. [demonic ancestry]
 19592 | Lair:4   | Reached XP level 14. HP: 109/113 MP: 21/21
 19662 | Lair:4   | Found a frozen archway.
 19697 | Lair:4   | Received a gift from Okawaru
 19705 | IceCv    | Entered an ice cave
 20055 | IceCv    | Reached skill level 10 in Armour
 20213 | IceCv    | Noticed a frost giant
 20282 | IceCv    | Killed a frost giant
 20283 | IceCv    | Reached skill level 11 in Shields
 21116 | Lair:4   | Learned a level 3 spell: Regeneration
 21169 | Lair:5   | Reached skill level 1 in Necromancy
 21175 | Lair:5   | Reached skill level 1 in Charms
 21247 | Lair:5   | Reached skill level 2 in Necromancy
 21309 | Lair:5   | Identified 3 scrolls of acquirement
 21320 | Lair:5   | Gained mutation: You are occasionally teleported next to
                  | monsters. [potion of mutation]
 21320 | Lair:5   | Gained mutation: Your spells are a little easier to cast,
                  | but a little less powerful. [potion of mutation]
 21320 | Lair:5   | Gained mutation: You evolve. [potion of mutation]
 21320 | Lair:5   | Gained mutation: You are resistant to hostile enchantments.
                  | (MR+) [potion of mutation]
 21321 | Lair:5   | Lost mutation: You are occasionally teleported next to
                  | monsters. [potion of mutation]
 21321 | Lair:5   | Lost mutation: Your spells are a little easier to cast, but
                  | a little less powerful. [potion of mutation]
 21321 | Lair:5   | Gained mutation: You have razor-sharp toenails. [potion of
                  | mutation]
 21321 | Lair:5   | Gained mutation: You possess an exceptional clarity of
                  | mind. [potion of mutation]
 21321 | Lair:5   | Gained mutation: You are agile. (Dex +2) [potion of
                  | mutation]
 21369 | Lair:5   | Found a staircase to the Slime Pits.
 21561 | Lair:5   | Reached skill level 2 in Charms
 21638 | Lair:5   | Noticed Rupert
 21684 | Lair:5   | Killed Rupert
 21684 | Lair:5   | Received a gift from Okawaru
 21684 | Lair:5   | Reached skill level 3 in Charms
 21684 | Lair:5   | Reached skill level 3 in Necromancy
 22137 | Lair:6   | Entered Level 6 of the Lair of Beasts
 22219 | Lair:6   | Reached skill level 4 in Necromancy
 22615 | Lair:6   | Reached skill level 4 in Charms
 22622 | Lair:6   | Reached skill level 5 in Necromancy
 23273 | Lair:6   | Reached skill level 5 in Charms
 23273 | Lair:6   | Reached skill level 6 in Necromancy
 23730 | Lair:6   | Found the +8 Wrath of Trog {antimagic, *Rage}
 23765 | Lair:6   | Reached skill level 7 in Necromancy
 24182 | D:10     | Got a fine large shield
 24194 | D:10     | Identified the +0 large shield "Iryru" {+Inv MR+ Int+2
                  | Dex-3} (You acquired it on level 10 of the Dungeon)
 24198 | D:10     | Got a brightly glowing lapis lazuli ring
 24202 | D:10     | Got a bound silver ring
 24289 | Orc:1    | Entered Level 1 of the Orcish Mines
 24310 | Orc:1    | Gained mutation: You are slightly more attuned to the
                  | shadows. [demonic ancestry]
 24310 | Orc:1    | Reached XP level 15. HP: 101/120 MP: 20/22
 24312 | Orc:1    | Reached skill level 6 in Charms
 24392 | Orc:2    | Entered Level 2 of the Orcish Mines
 24470 | Orc:1    | Found a roughly hewn altar of Beogh.
 24521 | Orc:1    | Found Zuguungepo's Distillery.
 24543 | Orc:1    | Found a flagged portal.
 24557 | Bailey   | Entered a bailey
 24756 | Bailey   | Received a gift from Okawaru
 25100 | Orc:1    | Bought a potion of might for 60 gold pieces
 25100 | Orc:1    | Bought a potion of agility for 60 gold pieces
 25100 | Orc:1    | Bought a potion of might for 60 gold pieces
 25100 | Orc:1    | Bought a potion of haste for 150 gold pieces
 25391 | Orc:2    | Found a staircase to the Elven Halls.
 25694 | Orc:2    | Noticed an orc warlord
 25713 | Orc:2    | Killed an orc warlord
 25713 | Orc:2    | Reached skill level 1 in Spellcasting
 25713 | Orc:2    | Reached skill level 8 in Necromancy
 25803 | Orc:2    | Found a roughly hewn altar of Beogh.
 25807 | Orc:2    | Found Naimy's Jewellery Emporium.
 25848 | Orc:2    | Noticed Urug
 25868 | Orc:2    | Reached skill level 2 in Spellcasting
 25876 | Orc:2    | Killed Urug
 25900 | Orc:2    | Found Gehoh's Antique Weapon Emporium.
 25924 | Orc:2    | Found Imudwoc's Antique Armour Emporium.
 26012 | Orc:2    | Found a roughly hewn altar of Beogh.
 26157 | Orc:2    | Found Ykujy's General Store.
 26164 | Orc:2    | Bought a potion of mutation for 128 gold pieces
 26164 | Orc:2    | Bought a scroll of identify for 32 gold pieces
 26164 | Orc:2    | Bought a scroll of identify for 32 gold pieces
 26178 | Orc:2    | Identified the ring of Myddea {rElec rF+ rN+ Int+5 Dex-4}
                  | (You acquired it on level 10 of the Dungeon)
 26179 | Orc:2    | Identified the ring of Brilliance {+Inv MP+9} (You acquired
                  | it on level 10 of the Dungeon)
 26490 | Orc:2    | Bought a pair of ancient gloves for 285 gold pieces
 26503 | Orc:2    | Identified the +4 pair of gloves of Birdsong {rElec rCorr
                  | Str+2 Int-5} (You bought it in a shop on level 2 of the
                  | Orcish Mines)
 26795 | Spider:1 | Entered Level 1 of the Spider Nest
 26803 | Lair:3   | Reached skill level 11 in Dodging
 26909 | Shoals:1 | Entered Level 1 of the Shoals
 26996 | Shoals:1 | Reached skill level 3 in Spellcasting
 27085 | Shoals:1 | Found Extorr's Jewellery Shoppe.
 27172 | Shoals:1 | Bought the ring "Pisu" {+Fly Str+3 Int+7} for 682 gold
                  | pieces
 27196 | Shoals:1 | Reached skill level 9 in Necromancy
 27476 | Shoals:1 | Lost mutation: You are resistant to hostile enchantments.
                  | (MR+) [evolution]
 27689 | Shoals:1 | Reached skill level 4 in Spellcasting
 28404 | Shoals:2 | Reached skill level 11 in Necromancy
 28404 | Shoals:2 | Reached XP level 16. HP: 98/127 MP: 14/23
 28671 | Shoals:2 | Reached skill level 12 in Dodging
 29118 | Shoals:2 | Received a gift from Okawaru
 29725 | Shoals:3 | Reached skill level 13 in Dodging
 30064 | Shoals:3 | Mutation became permanent: You have sharp toenails.
                  | [demonic ancestry]
 30064 | Shoals:3 | Gained mutation: You have razor-sharp toenails. [demonic
                  | ancestry]
 30064 | Shoals:3 | Reached XP level 17. HP: 127/133 MP: 21/24
 30305 | Shoals:4 | Entered Level 4 of the Shoals
 30408 | Shoals:4 | Got a dazzling fustibalus
 30529 | Shoals:4 | Noticed a kraken
 30562 | Shoals:4 | Killed a kraken
 30592 | Shoals:4 | Reached skill level 12 in Fighting
 30653 | Shoals:4 | Reached skill level 1 in Polearms
 30659 | Shoals:4 | Reached skill level 2 in Polearms
 30677 | Shoals:4 | Received a gift from Okawaru
 30680 | Shoals:4 | Reached skill level 3 in Polearms
 30800 | Shoals:4 | Noticed Ilsuiw
 30826 | Shoals:4 | Killed Ilsuiw
 30826 | Shoals:4 | Reached skill level 4 in Polearms
 30927 | Shoals:4 | Reached skill level 5 in Polearms
 30945 | Shoals:4 | Got a dazzling scale mail
 30966 | Shoals:4 | Identified the +2 scale mail "Lukk" {rElec rCorr Int+6
                  | SInv} (You found it on level 4 of the Shoals)
 31019 | Shoals:4 | Identified the +3 great sword "Kodoe" {venom, rElec Str-2
                  | Int+4}
 31038 | Shoals:4 | Reached skill level 6 in Polearms
 31206 | Shoals:4 | Got a barnacled rune of Zot
 31248 | Shoals:4 | Reached skill level 1 in Stealth
 31253 | Shoals:4 | Reached skill level 2 in Stealth
 31268 | Shoals:4 | Reached skill level 3 in Stealth
 31304 | Shoals:4 | Reached skill level 4 in Stealth
 31353 | Shoals:4 | Reached skill level 5 in Stealth
 31373 | Shoals:4 | Identified the +9 fustibalus "Ylocas" {freeze, -Tele rElec
                  | rPois rF+} (You found it on level 4 of the Shoals)
 31506 | Shoals:4 | Got a faintly glowing hand crossbow
 31508 | Shoals:4 | Identified the +3 hand crossbow of Moral Flaws {elec, MR+
                  | SInv} (You found it on level 4 of the Shoals)
 31865 | Lair:3   | Reached skill level 6 in Stealth
 32012 | Spider:1 | Reached skill level 7 in Stealth
 32130 | Spider:1 | Reached skill level 8 in Stealth
 32237 | Spider:1 | Received a gift from Okawaru
 32248 | Spider:1 | Learned a level 2 spell: Song of Slaying
 32269 | Spider:1 | Reached skill level 9 in Stealth
 32639 | Spider:2 | Reached skill level 10 in Stealth
 32765 | Spider:2 | Noticed Frances
 32807 | Spider:2 | Killed Frances
 32807 | Spider:2 | Reached skill level 11 in Stealth
 33302 | Spider:3 | Noticed Louise
 33336 | Spider:3 | Killed Louise
 33336 | Spider:3 | Reached skill level 12 in Stealth
 33434 | Spider:3 | Noticed Bai Suzhen
 33462 | Spider:3 | Killed Bai Suzhen
 33462 | Spider:3 | Reached skill level 13 in Stealth
 33462 | Spider:3 | Gained mutation: You are significantly more attuned to the
                  | shadows. [demonic ancestry]
 33462 | Spider:3 | Reached XP level 18. HP: 134/140 MP: 19/25
 33870 | Spider:4 | Entered Level 4 of the Spider Nest
 34167 | Spider:4 | Received a gift from Okawaru
 34252 | Spider:4 | Reached skill level 12 in Shields
 34368 | Spider:4 | Gained mutation: You are covered in fur. (AC +1)
                  | [evolution]
 34928 | Spider:4 | Reached skill level 13 in Shields
 35351 | Spider:4 | Reached ****** piety under Okawaru
 35379 | Spider:4 | Reached skill level 14 in Shields
 35425 | Spider:4 | Got a gossamer rune of Zot
 36022 | D:15     | Found a staircase to the Depths.
 36464 | Vaults:1 | Entered Level 1 of the Vaults
 36564 | Vaults:1 | Received a gift from Okawaru
 36627 | Vaults:1 | Gained mutation: You have claws for hands. [demonic
                  | ancestry]
 36627 | Vaults:1 | Reached XP level 19. HP: 146/146 MP: 26/26
 36828 | Vaults:1 | Reached skill level 15 in Shields
 37527 | Vaults:1 | Reached skill level 16 in Shields
 37542 | Vaults:1 | Received a gift from Okawaru
 37545 | Vaults:1 | Got a dazzling cloak {god gift}
 37547 | Vaults:1 | Identified the +0 cloak "Witaus" {+Blink rCorr Str-4}
                  | (Okawaru gifted it to you on level 1 of the Vaults)
 38401 | Vaults:1 | Reached skill level 17 in Shields
 38414 | Vaults:1 | Lost mutation: You are agile. (Dex +2) [evolution]
 38501 | Vaults:1 | Got a transparent trident
 38634 | Vaults:1 | Found a portal to a secret trove of treasure.
 39032 | Vaults:2 | Received a gift from Okawaru
 39051 | Vaults:2 | Identified a +2 pair of boots of running (Okawaru gifted it
                  | to you on level 2 of the Vaults)
 39118 | Vaults:2 | Found a ruined gateway.
 39300 | Vaults:2 | Identified Diarem's Compendium of the Traveller and Flames
 39688 | Vaults:2 | Reached skill level 18 in Shields
 39775 | Vaults:2 | Reached XP level 20. HP: 125/153 MP: 25/27
 41343 | Vaults:3 | Received a gift from Okawaru
 41417 | Vaults:3 | Reached skill level 19 in Shields
 42031 | Vaults:3 | Identified the Tome of Cold and the Rocks
 42130 | Vaults:3 | Found a staircase to the Crypt.
 42745 | Vaults:4 | Reached skill level 20 in Shields
 42780 | Vaults:4 | Noticed Jory
 42807 | Vaults:4 | Killed Jory
 42846 | Vaults:4 | Received a gift from Okawaru
 43070 | Vaults:4 | Gained mutation: You have claws for feet. [demonic
                  | ancestry]
 43070 | Vaults:4 | Reached XP level 21. HP: 160/160 MP: 28/28
 43127 | Vaults:4 | Reached skill level 14 in Dodging
 43134 | Vaults:4 | Paralysed by an ogre mage for 5 turns
 43720 | Vaults:4 | Reached skill level 11 in Armour
 43724 | Vaults:4 | Reached skill level 13 in Fighting
 44082 | Vaults:5 | Entered Level 5 of the Vaults
 44107 | Vaults:5 | Received a gift from Okawaru
 44239 | Vaults:5 | Upgraded the game from 0.24-a0-269-g32ec7cac8f to
                  | 0.24-a0-271-ga0fc33f724
 44240 | Vaults:5 | Identified the +11 triple sword of Instant Death {protect,
                  | +Fly}
 44272 | Vaults:5 | Identified the cursed +0 falchion "Puucum" {antimagic,
                  | Str+2 Int+3}
 44314 | Vaults:5 | Received a gift from Okawaru
 44452 | Vaults:5 | Noticed Mara
 44458 | Vaults:5 | Noticed Redear's illusion
 44472 | Vaults:5 | Killed Mara
 44475 | Vaults:5 | Reached skill level 15 in Dodging
 44493 | Vaults:5 | Reached skill level 14 in Fighting
 44506 | Vaults:5 | Got a silver rune of Zot
 44652 | Vaults:5 | Received a gift from Okawaru
 44729 | Vaults:5 | Reached skill level 15 in Fighting
 44902 | Vaults:5 | Reached skill level 10 in Axes
 44906 | Vaults:5 | Noticed a golden dragon
 44972 | Vaults:5 | Killed a golden dragon
 44974 | Vaults:5 | Reached skill level 11 in Axes
 44990 | Vaults:5 | Identified the +10 hunting sling of the Exiled Cities
                  | {flame, *Drain rF++ Str+2}
 45020 | Vaults:5 | Gained mutation: Your magical and physical power is
                  | slightly enhanced at high health. [demonic ancestry]
 45020 | Vaults:5 | Reached XP level 22. HP: 175/175 MP: 29/29
 45032 | Vaults:5 | Reached skill level 12 in Axes
 45355 | Vaults:5 | Reached skill level 13 in Axes
 45535 | Vaults:5 | Noticed a golden dragon
 45549 | Vaults:5 | Killed a golden dragon
 45550 | Vaults:5 | Noticed a golden dragon
 45570 | Vaults:5 | Killed a golden dragon
 45570 | Vaults:5 | Reached skill level 14 in Axes
 45977 | Vaults:5 | Identified the +7 flail of Greed {elec, Str+4 Int+4}
 46020 | Vaults:5 | Identified the ring of the Raven {MR- Int+3 Dex+4 Stlth-}
 46343 | Vaults:5 | Identified the +9 long sword of Discomfort {pain, rPois rC+
                  | MR-}
 46503 | Vaults:5 | Learned a level 6 spell: Statue Form
 46585 | Vaults:5 | Identified the Disquisition on Evil Arts
 46693 | Vaults:5 | Reached skill level 1 in Transmutations
 46693 | Vaults:5 | Reached skill level 1 in Earth Magic
 47229 | Elf:1    | Entered Level 1 of the Elven Halls
 47341 | Elf:1    | Noticed Donald
 47351 | Elf:1    | Killed Donald
 47351 | Elf:1    | Reached skill level 2 in Transmutations
 47351 | Elf:1    | Reached skill level 2 in Earth Magic
 47400 | Elf:1    | Received a gift from Okawaru
 47501 | Elf:1    | Gained mutation: Your mind is acute. (Int +2) [evolution]
 47677 | Elf:1    | Identified the +5 spear of Death's Door {pierce, *Drain
                  | rElec Dex+2}
 47702 | Elf:1    | Reached skill level 3 in Transmutations
 47702 | Elf:1    | Reached skill level 3 in Earth Magic
 47787 | Elf:1    | Found a runed translucent gate.
 47787 | Elf:1    | Found a runed translucent gate.
 47787 | Elf:1    | Found a runed translucent gate.
 47787 | Elf:1    | Found a runed translucent gate.
 47787 | Elf:1    | Found a runed translucent gate.
 47792 | Elf:1    | Found a runed translucent gate.
 47909 | Elf:1    | Reached skill level 4 in Transmutations
 47909 | Elf:1    | Reached skill level 4 in Earth Magic
 48419 | Elf:2    | Reached skill level 5 in Transmutations
 48419 | Elf:2    | Reached skill level 5 in Earth Magic
 48578 | Elf:2    | Found a huge runed translucent gate.
 48578 | Elf:2    | Found a huge runed translucent gate.
 48578 | Elf:2    | Found a huge runed translucent gate.
 48578 | Elf:2    | Found a huge runed translucent gate.
 48578 | Elf:2    | Found a huge runed translucent gate.
 49183 | Elf:2    | Reached XP level 23. HP: 125/182 MP: 25/30
 49257 | Elf:2    | Reached skill level 6 in Earth Magic
 49262 | Elf:2    | Reached skill level 6 in Transmutations
 49326 | Elf:2    | Received a gift from Okawaru
 49399 | Elf:2    | Noticed Jorgrun
 49411 | Elf:2    | Killed Jorgrun
 49663 | Elf:2    | Got a pitted hand axe {god gift}
 49666 | Elf:2    | Identified the +2 hand axe of Forgiveness {freeze, rN+}
                  | (Okawaru gifted it to you on level 2 of the Elven Halls)
 49746 | Elf:3    | Entered Level 3 of the Elven Halls
 49815 | Elf:3    | Found Huggyuf's Assorted Antiques.
 49815 | Elf:3    | Found Gupsue's Book Boutique.
 49826 | Elf:3    | Bought a scroll of teleportation for 72 gold pieces
 49836 | Elf:3    | Bought a book of Minor Magic for 280 gold pieces
 49839 | Elf:3    | Learned a level 2 spell: Blink
 49891 | Elf:3    | Found a magical portal.
 49898 | WizLab   | Entered Zonguldrok's Shrine
 49920 | WizLab   | Reached skill level 7 in Earth Magic
 49990 | WizLab   | Reached skill level 7 in Transmutations
 50153 | WizLab   | Noticed an antique lich
 50155 | WizLab   | Found the +9 sword of Zonguldrok {reap}
 50169 | WizLab   | Killed an antique lich
 50224 | WizLab   | Identified Sif Muna's Handbook of Frigorific Shape Shifting
 50661 | Elf:3    | Reached skill level 8 in Earth Magic
 50675 | Elf:3    | Reached skill level 8 in Transmutations
 51137 | Elf:3    | Received a gift from Okawaru
 51140 | Elf:3    | Got a twisted ring mail {god gift}
 51152 | Elf:3    | Identified the +5 ring mail of Generosity {rCorr} (Okawaru
                  | gifted it to you on level 3 of the Elven Halls)
 51424 | Elf:3    | Reached skill level 9 in Transmutations
 51424 | Elf:3    | Reached skill level 9 in Earth Magic
 51446 | Elf:3    | Identified the ring of Foconop {*Corrode rF+++ Int+2 Dex+4
                  | SInv}
 51519 | Elf:3    | Reached skill level 10 in Transmutations
 51519 | Elf:3    | Reached skill level 10 in Earth Magic
 51522 | Elf:3    | Reached skill level 1 in Unarmed Combat
 51550 | Elf:3    | Learned a level 6 spell: Deflect Missiles
 51582 | Elf:3    | Identified The Lost Secrets of Sorcery
 51589 | Elf:3    | Got a coiled glass ring
 51590 | Elf:3    | Identified the cursed ring "Hijaew" {rPois rF+ rC- Str-4
                  | Int+3} (You found it on level 3 of the Elven Halls)
 51609 | Elf:3    | Got a polished ring mail
 51620 | Elf:3    | Identified the cursed +1 ring mail of the Demon Prince {rN+
                  | Stlth+} (You found it on level 3 of the Elven Halls)
 51656 | Elf:3    | Reached skill level 2 in Unarmed Combat
 51715 | Elf:3    | Reached skill level 3 in Unarmed Combat
 52289 | Elf:3    | Bought a hardcover book for 360 gold pieces
 52298 | Elf:3    | Bought an embroidered robe for 88 gold pieces
 52448 | Orc:1    | Bought a potion of haste for 150 gold pieces
 52448 | Orc:1    | Bought 2 potions of magic for 240 gold pieces
 52448 | Orc:1    | Bought a potion of curing for 45 gold pieces
 52448 | Orc:1    | Bought a potion of invisibility for 120 gold pieces
 52448 | Orc:1    | Bought a potion of brilliance for 60 gold pieces
 52448 | Orc:1    | Bought a potion of cancellation for 120 gold pieces
 52448 | Orc:1    | Bought a potion of resistance for 150 gold pieces
 52448 | Orc:1    | Bought a potion of invisibility for 120 gold pieces
 52618 | Shoals:1 | Bought the ring of Phasing {EV+8} for 1920 gold pieces
 52618 | Shoals:1 | Found the ring of Phasing {EV+8}
 52821 | Depths:1 | Entered Level 1 of the Depths
 53081 | Depths:1 | Gained mutation: You are completely attuned to the shadows.
                  | [demonic ancestry]
 53081 | Depths:1 | Reached XP level 24. HP: 182/189 MP: 23/30
 53342 | Depths:1 | Received a gift from Okawaru
 53484 | Depths:1 | Found a gateway to Hell.
 53562 | Depths:1 | Reached skill level 11 in Transmutations
 53562 | Depths:1 | Reached skill level 11 in Earth Magic
 53907 | Depths:2 | Found a runed translucent door.
 53981 | Depths:2 | Noticed a juggernaut
 54314 | Depths:2 | Received a gift from Okawaru
 54365 | Depths:2 | Reached skill level 12 in Transmutations
 54424 | Depths:2 | Reached skill level 12 in Earth Magic
 54567 | Depths:2 | Found a runed translucent gate.
 54567 | Depths:2 | Found a runed translucent gate.
 54567 | Depths:2 | Found a runed translucent gate.
 54608 | Depths:2 | Noticed an ancient lich
 54610 | Depths:2 | Noticed MrRokkomies's ghost (veteran HaHu)
 54624 | Depths:2 | Noticed an ancient lich
 54637 | Depths:2 | Noticed an ancient lich
 54645 | Depths:2 | Found an ancient bone altar of Kikubaaqudgha.
 54772 | Depths:2 | Gained mutation: Your flesh is cold resistant. (rC+)
                  | [evolution]
 55150 | Depths:2 | Reached skill level 13 in Transmutations
 55150 | Depths:2 | Reached skill level 13 in Earth Magic
 55157 | Depths:2 | Reached skill level 4 in Unarmed Combat
 55165 | Depths:2 | Reached skill level 5 in Unarmed Combat
 55351 | Depths:2 | Learned a level 5 spell: Borgnjor's Vile Clutch
 55403 | Depths:2 | Cast into level 5 of the Abyss (an ancient lich)
 55403 | Abyss:5  | Entered Level 5 of the Abyss
 55403 | Abyss:5  | Entered Level 5 of the Abyss
 55403 | Abyss:5  | Entered Level 5 of the Abyss
 55408 | Depths:2 | Escaped the Abyss
 55419 | Depths:2 | Killed an ancient lich
 55419 | Depths:2 | Reached skill level 7 in Unarmed Combat
 55420 | Depths:2 | Killed an ancient lich
 55420 | Depths:2 | Reached skill level 8 in Unarmed Combat
 55427 | Depths:2 | Killed an ancient lich
 55427 | Depths:2 | Received a gift from Okawaru
 55427 | Depths:2 | Reached skill level 9 in Unarmed Combat
 55526 | Depths:2 | Killed MrRokkomies's ghost
 55526 | Depths:2 | Reached skill level 10 in Unarmed Combat
 55534 | Depths:2 | Identified Sif Muna's Guide on Stones and Bewitchment
 55538 | Depths:2 | Got a translucent bronze amulet
 55547 | Depths:2 | Identified Kikubaaqudgha's Almanac of Evil Secrets
 55745 | Depths:2 | Killed a juggernaut
 55745 | Depths:2 | Gained mutation: Your magical and physical power is
                  | enhanced at high health. [demonic ancestry]
 55745 | Depths:2 | Reached XP level 25. HP: 195/195 MP: 27/30
 55748 | Depths:2 | Reached skill level 11 in Unarmed Combat
 56032 | Depths:3 | Learned a level 3 spell: Lesser Beckoning
 56065 | Depths:3 | Reached skill level 12 in Unarmed Combat
 56285 | Depths:3 | Found a one-way gate leading to the halls of Pandemonium.
 56307 | Depths:3 | Found a gateway to a ziggurat.
 56744 | Depths:3 | Found a one-way gate to the infinite horrors of the Abyss.
 57096 | Depths:4 | Reached skill level 13 in Unarmed Combat
 57453 | Depths:4 | Received a gift from Okawaru
 58090 | Depths:4 | Found a transporter.
 58092 | Depths:4 | Identified the +1 demon whip of Ytop Vesec {drain, Str+6
                  | Dex+4}
 58093 | Depths:4 | Identified the +7 rapier of Zadwyu {elec, *Noise rN++}
 58100 | Depths:4 | Found a transporter.
 58116 | Depths:4 | Reached skill level 14 in Unarmed Combat
 58127 | Depths:4 | Noticed a juggernaut
 58241 | Depths:4 | Paralysed by a floating eye for 3 turns
 58797 | Depths:4 | Identified the +7 lajatang of Oqupt {vamp, rN++}
 58800 | Depths:4 | Noticed Nauled's ghost (veteran GrFE)
 58822 | Depths:4 | Killed a juggernaut
 58834 | Depths:4 | Killed Nauled's ghost
 58840 | Depths:4 | Found a bloodstained altar of Trog.
 58852 | Depths:4 | Lost mutation: You possess an exceptional clarity of mind.
                  | [evolution]
 59094 | Depths:5 | Entered Level 5 of the Depths
 59226 | Depths:5 | Identified the amulet "Aptetzo" {Spirit rN+ Str+3} (You
                  | found it on level 2 of the Depths)
 59303 | Depths:5 | Received a gift from Okawaru
 59377 | Depths:5 | Found a flickering gateway to a bazaar.
 59525 | Bazaar   | Entered a bazaar
 59525 | Bazaar   | Found Peitz's General Store.
 59525 | Bazaar   | Found Wiskouro's Food Boutique.
 59527 | Bazaar   | Found Taimpaw's Distillery.
 59527 | Bazaar   | Found Qaz Quel's Magic Scroll Shop.
 59564 | Bazaar   | Bought a scroll of enchant weapon for 67 gold pieces
 59566 | Bazaar   | Bought a potion of might for 36 gold pieces
 59566 | Bazaar   | Bought a potion of might for 36 gold pieces
 59566 | Bazaar   | Bought a potion of magic for 72 gold pieces
 59566 | Bazaar   | Bought a potion of haste for 90 gold pieces
 59570 | Bazaar   | Bought a potion of curing for 27 gold pieces
 59578 | Bazaar   | Bought a scroll of enchant weapon for 67 gold pieces
 59578 | Bazaar   | Bought a scroll of fear for 31 gold pieces
 59578 | Bazaar   | Bought a scroll of acquirement for 468 gold pieces
 59578 | Bazaar   | Bought a scroll of enchant armour for 67 gold pieces
 59581 | Bazaar   | Bought a ration for 45 gold pieces
 59581 | Bazaar   | Bought a ration for 45 gold pieces
 59581 | Bazaar   | Bought a ration for 45 gold pieces
 59581 | Bazaar   | Bought a ration for 45 gold pieces
 59581 | Bazaar   | Bought a ration for 45 gold pieces
 59581 | Bazaar   | Bought a ration for 45 gold pieces
 59581 | Bazaar   | Bought a ration for 45 gold pieces
 59581 | Bazaar   | Bought a ration for 45 gold pieces
 59581 | Bazaar   | Bought a ration for 45 gold pieces
 59581 | Bazaar   | Bought a ration for 45 gold pieces
 59583 | Bazaar   | Bought a scroll of blinking for 67 gold pieces
 59603 | Bazaar   | Bought a scroll of teleportation for 27 gold pieces
 59603 | Bazaar   | Bought a wand of acid (7) for 198 gold pieces
 59987 | Depths:5 | Found a gate to the Realm of Zot.
 60145 | Depths:5 | Reached skill level 14 in Transmutations
 60145 | Depths:5 | Reached skill level 14 in Earth Magic
 60424 | Zot:1    | Entered Level 1 of the Realm of Zot
 60444 | Zot:1    | Reached skill level 15 in Unarmed Combat
 60473 | Zot:1    | Received a gift from Okawaru
 60473 | Zot:1    | Gained mutation: Your magical and physical power is greatly
                  | enhanced at high health. [demonic ancestry]
 60473 | Zot:1    | Reached XP level 26. HP: 202/202 MP: 29/30
 60583 | Zot:1    | Reached skill level 16 in Unarmed Combat
 60604 | Zot:1    | Reached skill level 12 in Necromancy
 61244 | Zot:2    | Reached skill level 1 in Air Magic
 61250 | Zot:2    | Received a gift from Okawaru
 61252 | Zot:2    | Reached skill level 2 in Air Magic
 61253 | Zot:2    | Reached skill level 7 in Charms
 61265 | Zot:2    | Reached skill level 3 in Air Magic
 61357 | Zot:2    | Reached skill level 4 in Air Magic
 61427 | Zot:2    | Reached skill level 8 in Charms
 61914 | Zot:2    | Received a gift from Okawaru
 61932 | Zot:2    | Reached skill level 5 in Air Magic
 62000 | Zot:2    | Reached skill level 6 in Air Magic
 62006 | Zot:2    | Reached skill level 9 in Charms
 62041 | Zot:2    | Reached skill level 7 in Air Magic
 62082 | Zot:2    | Identified Dejorex's Papyrus of Aerial Poisoning
 62207 | Zot:2    | Got a bound tin ring
 62209 | Zot:2    | Identified the ring "Hisapirph" {rF- rC++ rN+ MP+9 Str-4}
                  | (You found it on level 2 of the Realm of Zot)
 62211 | Zot:2    | Found a hide-covered altar of Uskayaw.
 62459 | Zot:2    | Received a gift from Okawaru
 62467 | Zot:2    | Got a heavily runed chain mail {god gift}
 62480 | Zot:2    | Identified the +4 chain mail "Yproim" {*Slow +Blink rPois
                  | Str+4} (Okawaru gifted it to you on level 2 of the Realm of
                  | Zot)
 62585 | Zot:3    | Reached skill level 10 in Charms
 62726 | Zot:3    | Reached skill level 8 in Air Magic
 62803 | Zot:3    | Reached XP level 27. HP: 66/208 MP: 13/30
 62835 | Zot:3    | Reached skill level 9 in Air Magic
 62844 | Zot:3    | Reached skill level 11 in Charms
 63217 | Zot:3    | Reached skill level 10 in Air Magic
 63607 | Zot:3    | Reached skill level 12 in Charms
 64146 | Zot:4    | Reached skill level 1 in Translocations
 64347 | Zot:4    | Reached skill level 2 in Translocations
 64448 | Zot:4    | Reached skill level 3 in Translocations
 64651 | Zot:4    | Received a gift from Okawaru
 64656 | Zot:4    | Reached skill level 4 in Translocations
 64800 | Zot:5    | Entered Level 5 of the Realm of Zot
 64855 | Zot:5    | Reached skill level 5 in Translocations
 64862 | Zot:5    | Reached skill level 6 in Translocations
 64870 | Zot:5    | Reached skill level 7 in Translocations
 64887 | Zot:5    | Reached skill level 8 in Translocations
 65439 | Zot:5    | Noticed an ancient lich
 65443 | Zot:5    | Noticed an orb of fire
 65448 | Zot:5    | Noticed an orb of fire
 65453 | Zot:5    | Noticed an orb of fire
 65455 | Zot:5    | Noticed an ancient lich
 65456 | Zot:5    | Gained mutation: Your spells are a little easier to cast,
                  | but a little less powerful. [an orb of fire]
 65457 | Zot:5    | Gained mutation: You are weak. (Str -2) [an orb of fire]
 65458 | Zot:5    | Killed an orb of fire
 65460 | Zot:5    | Killed an ancient lich
 65460 | Zot:5    | Received a gift from Okawaru
 65461 | Zot:5    | Found the +8 longbow "Zephyr" {speed, Dex+3 SInv}
 65464 | Zot:5    | Noticed an orb of fire
 65469 | Zot:5    | Gained mutation: You are robust. (+10% HP) [an orb of fire]
 65471 | Zot:5    | Gained mutation: Your body sometimes deteriorates upon
                  | taking damage. [an orb of fire]
 65473 | Zot:5    | Lost mutation: You are robust. (+10% HP) [an orb of fire]
 65476 | Zot:5    | Killed an orb of fire
 65476 | Zot:5    | Gained mutation: Scrolls take you a little longer to read.
                  | [an orb of fire]
 65479 | Zot:5    | Noticed an orb of fire
 65484 | Zot:5    | Lost mutation: Your mind is acute. (Int +2) [an orb of
                  | fire]
 65487 | Zot:5    | Killed an orb of fire
 65487 | Zot:5    | Reached skill level 16 in Fighting
 65488 | Zot:5    | Lost mutation: Your body sometimes deteriorates upon taking
                  | damage. [an orb of fire]
 65495 | Zot:5    | Gained mutation: Potions are less effective at restoring
                  | your health. [an orb of fire]
 65496 | Zot:5    | Gained mutation: Your magical capacity is low. (-10% MP)
                  | [an orb of fire]
 65497 | Zot:5    | Gained mutation: Scrolls take you longer to read. [an orb
                  | of fire]
 65499 | Zot:5    | Killed an orb of fire
 65499 | Zot:5    | Killed an orb of fire
 65499 | Zot:5    | Reached skill level 16 in Dodging
 65511 | Zot:5    | Killed an ancient lich
 65511 | Zot:5    | Received a gift from Okawaru
 65518 | Zot:5    | Noticed an ancient lich
 65528 | Zot:5    | Killed an ancient lich
 65860 | Zot:5    | Reached skill level 17 in Fighting
 65865 | Zot:5    | Received a gift from Okawaru
 65962 | Zot:5    | Got an ancient leather armour
 65968 | Zot:5    | Identified the cursed +0 leather armour of the Eagle {rElec
                  | rCorr Dex+3} (You found it on level 5 of the Realm of Zot)
 66049 | Zot:5    | Lost mutation: You are weak. (Str -2) [potion of mutation]
 66049 | Zot:5    | Lost mutation: Your flesh is cold resistant. (rC+) [potion
                  | of mutation]
 66049 | Zot:5    | Gained mutation: Scrolls take you much longer to read.
                  | [potion of mutation]
 66049 | Zot:5    | Gained mutation: You are robust. (+10% HP) [potion of
                  | mutation]
 66051 | Zot:5    | Lost mutation: Your magical capacity is low. (-10% MP)
                  | [potion of mutation]
 66051 | Zot:5    | Lost mutation: Your spells are a little easier to cast, but
                  | a little less powerful. [potion of mutation]
 66051 | Zot:5    | Gained mutation: Your system is resistant to poisons.
                  | (rPois) [potion of mutation]
 66051 | Zot:5    | Gained mutation: Your muscles are strong. (Str +2) [potion
                  | of mutation]
 66052 | Zot:5    | Lost mutation: Potions are less effective at restoring your
                  | health. [potion of mutation]
 66052 | Zot:5    | Lost mutation: Scrolls take you much longer to read.
                  | [potion of mutation]
 66052 | Zot:5    | Gained mutation: You are clumsy. (Dex -2) [potion of
                  | mutation]
 66052 | Zot:5    | Gained mutation: You passively map a small area around you.
                  | [potion of mutation]
 66053 | Zot:5    | Lost mutation: Scrolls take you longer to read. [potion of
                  | mutation]
 66053 | Zot:5    | Lost mutation: Your system is resistant to poisons. (rPois)
                  | [potion of mutation]
 66053 | Zot:5    | Lost mutation: You are covered in fur. (AC +1) [potion of
                  | mutation]
 66053 | Zot:5    | Gained mutation: You are resistant to hostile enchantments.
                  | (MR+) [potion of mutation]
 66628 | Temple   | Fell from the grace of Okawaru
 66628 | Temple   | Became a worshipper of Makhleb the Destroyer
 66990 | Crypt:1  | Entered Level 1 of the Crypt
 67201 | Crypt:1  | Reached * piety under Makhleb
 67238 | Crypt:1  | Reached skill level 21 in Shields
 67256 | Crypt:1  | Reached skill level 17 in Dodging
 67300 | Crypt:1  | Reached ** piety under Makhleb
 68201 | Crypt:2  | Reached *** piety under Makhleb
 68531 | Crypt:2  | Noticed Mennas
 68550 | Crypt:2  | Killed Mennas
 68814 | Crypt:2  | Gained mutation: You expend magic power (3 MP) to
                  | strengthen your wands. [evolution]
 68941 | Crypt:3  | Entered Level 3 of the Crypt
 68962 | Crypt:3  | Reached skill level 18 in Fighting
 69130 | Crypt:3  | Reached **** piety under Makhleb
 69136 | Crypt:3  | Found a basalt altar of Yredelemnul.
 69281 | Crypt:3  | Found a staircase to the Tomb.
 69499 | Crypt:3  | Reached skill level 18 in Dodging
 69655 | Crypt:3  | Reached ***** piety under Makhleb
 70068 | Crypt:3  | Found an ancient bone altar of Kikubaaqudgha.
 70090 | Crypt:3  | Identified the Almanac of Evil Arts
 70092 | Crypt:3  | Identified Kikubaaqudgha's Grimoire of Darkness
 70267 | Crypt:3  | Found an ancient bone altar of Kikubaaqudgha.
 70267 | Crypt:3  | Found a basalt altar of Yredelemnul.
 70280 | Crypt:3  | Identified The Arcane Arts, Part Five
 70284 | Crypt:3  | Identified the Papyrus of Unholy Rites
 70313 | Crypt:3  | Identified the Collected Works on Doomed Flames
 70315 | Crypt:3  | Identified the Guide on the Damaging Blaze
 71521 | Zig:1    | Entered Level 1 of a ziggurat
 71551 | Zig:2    | Entered Level 2 of a ziggurat
 71579 | Zig:3    | Entered Level 3 of a ziggurat
 71608 | Zig:3    | Got a heavily runed chain mail
 71611 | Zig:4    | Entered Level 4 of a ziggurat
 71627 | Zig:4    | Reached skill level 22 in Shields
 71666 | Zig:5    | Entered Level 5 of a ziggurat
 71727 | Zig:5    | Lost mutation: Your muscles are strong. (Str +2) [a
                  | neqoxec]
 71809 | Zig:5    | Got a flickering bone ring
 71905 | Zig:6    | Entered Level 6 of a ziggurat
 71933 | Zig:6    | Got a flickering iron ring
 71956 | Zig:6    | Was forgiven by Okawaru
 71957 | Zig:6    | Identified the +0 chain mail "Adisuur" {rPois Str+3} (You
                  | found it on level 3 of a ziggurat)
 71973 | Zig:6    | Identified the ring "Nothowur" {Wiz rElec Dex+2 Slay-4}
                  | (You found it on level 6 of a ziggurat)
 71975 | Zig:6    | Identified the ring "Xehoump" {AC+2 Str+5} (You found it on
                  | level 5 of a ziggurat)
 71992 | Zig:6    | Got a distressingly furry scale mail
 71998 | Zig:6    | Identified the +3 scale mail of the Saviour {*Contam rElec
                  | Int+3} (You found it on level 6 of a ziggurat)
 72003 | Zig:6    | Got a brightly glowing leather armour
 72007 | Zig:7    | Entered Level 7 of a ziggurat
 72048 | Zig:8    | Entered Level 8 of a ziggurat
 72082 | Zig:8    | Reached skill level 19 in Fighting
 72141 | Zig:8    | Gained mutation: Your body sometimes deteriorates upon
                  | taking damage. [mutagenic glow]
 72181 | Zig:8    | Gained mutation: Your system is resistant to poisons.
                  | (rPois) [mutagenic glow]
 72255 | Zig:8    | Gained mutation: You are very clumsy. (Dex -4) [mutagenic
                  | glow]
 72262 | Zig:8    | Lost mutation: Your body sometimes deteriorates upon taking
                  | damage. [potion of mutation]
 72262 | Zig:8    | Lost mutation: You are robust. (+10% HP) [potion of
                  | mutation]
 72262 | Zig:8    | Gained mutation: You possess an exceptional clarity of
                  | mind. [potion of mutation]
 72435 | Zig:8    | Identified the +2 leather armour of the Trombone {rElec
                  | MR++ Int-2 SInv} (You found it on level 6 of a ziggurat)
 72457 | Zig:9    | Entered Level 9 of a ziggurat
 72520 | Zig:9    | Identified the Handbook of Damaging Displacement
 72523 | Zig:9    | Got a warped ivory ring
 72537 | Zig:9    | Identified the ring of Fragile Peace {rN+ Str+2} (You found
                  | it on level 9 of a ziggurat)
 72542 | Zig:10   | Entered Level 10 of a ziggurat
 72560 | Zig:10   | Reached ****** piety under Makhleb
 72612 | Zig:10   | Got a spiked scale mail
 72615 | Zig:11   | Entered Level 11 of a ziggurat
 72623 | Zig:11   | Noticed a juggernaut
 72629 | Zig:11   | Noticed a juggernaut
 72629 | Zig:11   | Noticed a juggernaut
 72636 | Zig:11   | Killed a juggernaut
 72641 | Zig:11   | Killed a juggernaut
 72641 | Zig:11   | Reached skill level 19 in Dodging
 72644 | Zig:11   | Killed a juggernaut
 72699 | Zig:12   | Entered Level 12 of a ziggurat
 72753 | Zig:12   | Identified the +3 scale mail of Summertime {rElec} (You
                  | found it on level 10 of a ziggurat)
 72791 | Zig:12   | Learned a level 1 spell: Apportation
 72792 | Zig:13   | Entered Level 13 of a ziggurat
 72805 | Zig:13   | Noticed an ancient lich
 72810 | Zig:13   | Paralysed by a vampire knight for 2 turns
 72815 | Zig:13   | Killed an ancient lich
 72823 | Zig:13   | Reached skill level 23 in Shields
 72867 | Zig:13   | Got a shimmering gossamer ring
 72871 | Zig:13   | Identified the ring of the Traitor {rF+ Int+2} (You found
                  | it on level 13 of a ziggurat)
 72891 | Zig:14   | Entered Level 14 of a ziggurat
 72917 | Zig:14   | Reached skill level 20 in Fighting
 72953 | Zig:14   | Got a scorched cloak
 72956 | Zig:14   | Identified the cursed -6 cloak "Ruapiefu" {*Slow rF+ rN+
                  | Str+2} (You found it on level 14 of a ziggurat)
 72960 | Zig:14   | Identified the Tome of Fire and Summoning
 72965 | Zig:14   | Identified the Compendium of Creation
 72969 | Zig:14   | Identified the Compendium of Evil and Snow
 72976 | Zig:15   | Entered Level 15 of a ziggurat
 73048 | Zig:15   | Got a scorched pewter ring
 73085 | Zig:15   | Identified the ring of Xom's Wantonness {rC+ rN++ Stlth+}
                  | (You found it on level 15 of a ziggurat)
 73151 | Zig:15   | Got a fine scale mail
 73162 | Zig:15   | Identified the +0 scale mail of Light {rC+ rN+} (You found
                  | it on level 15 of a ziggurat)
 73180 | Zig:16   | Entered Level 16 of a ziggurat
 73199 | Zig:16   | Reached skill level 20 in Dodging
 73202 | Zig:16   | Reached skill level 24 in Shields
 73248 | Zig:16   | Got an ancient turquoise ring
 73257 | Zig:17   | Entered Level 17 of a ziggurat
 73311 | Zig:17   | Found the +8 orange crystal plate armour {Archmagi, Int+3
                  | Clar}
 73314 | Zig:17   | Found the +9 scales of the Dragon King {rPois rF+ rC+ MR+}
 73315 | Zig:17   | Identified the Reference Book on the Volcanoes and
                  | Transformation
 73351 | Zig:17   | Identified the ring of Foarghok {rElec rPois rC- SInv
                  | Stlth+} (You found it on level 16 of a ziggurat)
 73390 | Zig:18   | Entered Level 18 of a ziggurat
 73407 | Zig:18   | Reached skill level 25 in Shields
 73413 | Zig:18   | Reached skill level 11 in Invocations
 73422 | Zig:18   | Reached skill level 12 in Invocations
 73456 | Zig:18   | Reached skill level 13 in Invocations
 73461 | Zig:18   | Found the ring of Robustness {AC+8}
 73489 | Zig:18   | Reached skill level 14 in Invocations
 73490 | Zig:18   | Reached skill level 15 in Invocations
 73508 | Zig:19   | Entered Level 19 of a ziggurat
 73513 | Zig:19   | Noticed Foryetem the pandemonium lord
 73516 | Zig:19   | Noticed Wijudwof the pandemonium lord
 73516 | Zig:19   | Noticed Byohaf the pandemonium lord
 73516 | Zig:19   | Noticed Mafishu the pandemonium lord
 73519 | Zig:19   | Noticed Awnoode the pandemonium lord
 73524 | Zig:19   | Noticed Item the pandemonium lord
 73524 | Zig:19   | Noticed Bypsoec the pandemonium lord
 73528 | Zig:19   | Killed Mafishu the pandemonium lord
 73530 | Zig:19   | Killed Wijudwof the pandemonium lord
 73530 | Zig:19   | Reached skill level 16 in Invocations
 73530 | Zig:19   | Killed Byohaf the pandemonium lord
 73531 | Zig:19   | Noticed Qickaali the pandemonium lord
 73531 | Zig:19   | Noticed Utru the pandemonium lord
 73531 | Zig:19   | Noticed Erassiot the pandemonium lord
 73534 | Zig:19   | Killed Bypsoec the pandemonium lord
 73534 | Zig:19   | Killed Item the pandemonium lord
 73535 | Zig:19   | Killed Awnoode the pandemonium lord
 73535 | Zig:19   | Reached skill level 17 in Invocations
 73535 | Zig:19   | Killed Foryetem the pandemonium lord
 73535 | Zig:19   | Noticed Rougool the pandemonium lord
 73538 | Zig:19   | Reached skill level 18 in Invocations
 73540 | Zig:19   | Killed Qickaali the pandemonium lord
 73540 | Zig:19   | Killed Erassiot the pandemonium lord
 73544 | Zig:19   | Noticed Pasif the pandemonium lord
 73546 | Zig:19   | Killed Utru the pandemonium lord
 73546 | Zig:19   | Noticed Lexomok the pandemonium lord
 73547 | Zig:19   | Noticed Gihuoshrase the pandemonium lord
 73547 | Zig:19   | Noticed Lixkaluj the pandemonium lord
 73548 | Zig:19   | Killed Rougool the pandemonium lord
 73549 | Zig:19   | Reached skill level 19 in Invocations
 73550 | Zig:19   | Noticed a juggernaut
 73550 | Zig:19   | a Killer Klown changed into a juggernaut
 73553 | Zig:19   | Killed Pasif the pandemonium lord
 73554 | Zig:19   | Killed a juggernaut
 73557 | Zig:19   | Killed Gihuoshrase the pandemonium lord
 73559 | Zig:19   | Killed Lixkaluj the pandemonium lord
 73559 | Zig:19   | Reached skill level 20 in Invocations
 73560 | Zig:19   | Killed Lexomok the pandemonium lord
 73606 | Zig:19   | Identified Sidghos's Guide on the Frostbite and the Compass
 73650 | Zig:19   | Got a serpentine glass ring
 73653 | Zig:19   | Identified the ring "Xaesuif" {rN+ Dex+4 Stlth+} (You
                  | acquired it on level 19 of a ziggurat)
 73666 | Zig:20   | Entered Level 20 of a ziggurat
 73676 | Zig:20   | Noticed an orb of fire
 73677 | Zig:20   | Noticed an orb of fire
 73678 | Zig:20   | Noticed an orb of fire
 73678 | Zig:20   | Noticed an orb of fire
 73680 | Zig:20   | Gained mutation: Your spells are a little easier to cast,
                  | but a little less powerful. [an orb of fire]
 73682 | Zig:20   | Noticed an orb of fire
 73684 | Zig:20   | Lost mutation: You possess an exceptional clarity of mind.
                  | [an orb of fire]
 73692 | Zig:20   | Killed an orb of fire
 73692 | Zig:20   | Killed an orb of fire
 73697 | Zig:20   | Gained mutation: Potions are less effective at restoring
                  | your health. [an orb of fire]
 73698 | Zig:20   | Gained mutation: You occasionally shout uncontrollably at
                  | your foes. [an orb of fire]
 73699 | Zig:20   | Killed an orb of fire
 73699 | Zig:20   | Killed an orb of fire
 73701 | Zig:20   | Reached skill level 21 in Fighting
 73703 | Zig:20   | Killed an orb of fire
 73766 | Zig:20   | Learned a level 6 spell: Darkness
 73766 | Zig:20   | Reached skill level 8 in Spellcasting
 73767 | Zig:20   | Got a wavering copper ring
 73771 | Zig:20   | Identified the ring "Emyeptin" {*Drain rN+++ Str+9 Int-2
                  | Slay+1} (You found it on level 20 of a ziggurat)
 73772 | Zig:21   | Entered Level 21 of a ziggurat
 73776 | Zig:21   | Lost mutation: Scrolls take you a little longer to read.
                  | [evolution]
 73783 | Zig:21   | Noticed a juggernaut
 73789 | Zig:21   | Noticed a juggernaut
 73790 | Zig:21   | Noticed a juggernaut
 73791 | Zig:21   | Killed a juggernaut
 73791 | Zig:21   | Reached skill level 9 in Spellcasting
 73793 | Zig:21   | Noticed a juggernaut
 73793 | Zig:21   | Noticed a juggernaut
 73793 | Zig:21   | Reached skill level 10 in Spellcasting
 73795 | Zig:21   | Noticed a juggernaut
 73797 | Zig:21   | Killed a juggernaut
 73797 | Zig:21   | Reached skill level 11 in Spellcasting
 73797 | Zig:21   | Killed a juggernaut
 73801 | Zig:21   | Killed a juggernaut
 73801 | Zig:21   | Reached skill level 12 in Spellcasting
 73801 | Zig:21   | Killed a juggernaut
 73806 | Zig:21   | Reached skill level 13 in Spellcasting
 73809 | Zig:21   | Killed a juggernaut
 73853 | Zig:21   | Found the +8 demon trident "Rift" {distort, reach+}
 73880 | Zig:21   | Reached skill level 14 in Spellcasting
 73882 | Zig:21   | Got a faintly glowing lapis lazuli ring
 73884 | Zig:21   | Identified the ring of Akkiomn {Int+2 Stlth+} (You found it
                  | on level 21 of a ziggurat)
 73895 | Zig:22   | Entered Level 22 of a ziggurat
 73913 | Zig:22   | Reached skill level 1 in Hexes
 73914 | Zig:22   | Reached skill level 2 in Hexes
 73916 | Zig:22   | Reached skill level 3 in Hexes
 73919 | Zig:22   | Reached skill level 4 in Hexes
 73923 | Zig:22   | Reached skill level 5 in Hexes
 73931 | Zig:22   | Reached skill level 6 in Hexes
 73988 | Zig:22   | Reached skill level 8 in Hexes
 73998 | Zig:22   | Identified the Papyrus of Frigorific Protection
 74014 | Zig:22   | Reached skill level 10 in Hexes
 74049 | Zig:23   | Entered Level 23 of a ziggurat
 74075 | Zig:23   | Reached skill level 11 in Hexes
 74082 | Zig:23   | Reached skill level 12 in Hexes
 74089 | Zig:23   | Reached skill level 13 in Hexes
 74152 | Zig:23   | Got a bloodstained broad axe
 74155 | Zig:23   | Identified the +6 broad axe of Joyful Slaughter {protect,
                  | +Rage} (You found it on level 23 of a ziggurat)
 74163 | Zig:23   | Identified the Papyrus of Destructive Companions
 74174 | Zig:23   | Identified Nasaelen's Incunabulum of Toxins and Clay
 74176 | Zig:23   | Identified the Guide on Translocation
 74193 | Zig:24   | Entered Level 24 of a ziggurat
 74216 | Zig:24   | Reached skill level 14 in Hexes
 74224 | Zig:24   | Reached skill level 15 in Hexes
 74233 | Zig:24   | Reached skill level 16 in Hexes
 74271 | Zig:24   | Got a crude iron amulet
 74273 | Zig:24   | Identified the amulet of Koshri {Faith *Corrode rF+ MR+
                  | Int+3} (You found it on level 24 of a ziggurat)
 74277 | Zig:24   | Got a clouded lead ring
 74281 | Zig:24   | Identified the ring "Ocad" {rN+ Stlth+} (You found it on
                  | level 24 of a ziggurat)
 74294 | Zig:24   | Got a flickering tin amulet
 74295 | Zig:24   | Identified the amulet "Susu Ete" {Inacc MR++} (You found it
                  | on level 24 of a ziggurat)
 74315 | Zig:25   | Entered Level 25 of a ziggurat
 74356 | Zig:25   | Reached skill level 17 in Hexes
 74392 | Zig:25   | Reached skill level 18 in Hexes
 74560 | Zig:25   | Got a flickering jade amulet
 74561 | Zig:25   | Identified the amulet of Dutiliz {Harm *Drain MR++ Int+3}
                  | (You found it on level 25 of a ziggurat)
 74562 | Zig:25   | Gained mutation: You rapidly evolve. [evolution]
 74594 | Zig:26   | Entered Level 26 of a ziggurat
 74644 | Zig:26   | Reached skill level 22 in Fighting
 74705 | Zig:26   | Found the amulet of the Air {Inacc +Fly rElec EV+5 RMsl}
 74708 | Zig:26   | Identified the Almanac of Beguiling and the Birds
 74742 | Zig:26   | Identified the Tome of Quantum Poison
 74757 | Zig:26   | Got a transparent iron ring
 74774 | Zig:27   | Entered Level 27 of a ziggurat
 74817 | Zig:27   | HP: 28/302 [reaper/+4 scythe (19)]
 74824 | Zig:27   | Reached skill level 21 in Dodging
 74834 | Zig:27   | Identified the ring of Fanikh {rN+ Int+4} (You found it on
                  | level 26 of a ziggurat)
 74838 | Zig:27   | Identified the amulet of Olagur {RegenMP rPois rN+ Str+3
                  | Dex-3 Stlth+} (You found it on level 27 of a ziggurat)
 75713 | Vaults:1 | You paid a toll of +3 gold dragon scales to enter a
                  | treasure trove
 75714 | Trove    | Entered a treasure trove
 75758 | Trove    | Got a spiked leather armour
 75759 | Trove    | Identified the +3 leather armour of Hepliaklqana's Reproof
                  | {-Tele rPois rF+} (You found it in a treasure trove)
 76211 | Zot:5    | Got the Orb of Zot
 76317 | Zot:5    | Noticed Zocsafil the pandemonium lord
 76331 | Zot:5    | Killed Zocsafil the pandemonium lord
 76537 | Depths:5 | Voluntarily entered the Abyss.
 77273 | Abyss:3  | Reached skill level 23 in Fighting
 77295 | Abyss:3  | Gained mutation: You are frail. (-10% HP) [a cacodemon]
 77334 | Abyss:3  | Gained mutation: You sometimes yell uncontrollably at your
                  | foes. [a shining eye]
 77349 | Abyss:3  | Got an abyssal rune of Zot
 77469 | Abyss:3  | Gained mutation: You are weak. (Str -2) [a neqoxec]
 77558 | Abyss:3  | Reached skill level 22 in Dodging
 77673 | Depths:5 | Escaped the Abyss
 77689 | Hell     | Entered the Vestibule of Hell
 77693 | Hell     | Noticed Geryon
 77699 | Hell     | Noticed Voetoiptee the pandemonium lord
 77729 | Depths:5 | HP: 16/276 [Voetoiptee the pandemonium lord (32)]
 77750 | Depths:5 | Killed Voetoiptee the pandemonium lord
 77907 | Hell     | Killed Geryon
 77951 | Hell     | Reached skill level 17 in Unarmed Combat
 78012 | Hell     | Found a gateway to the Iron City of Dis.
 78091 | Hell     | Reached skill level 18 in Unarmed Combat
 78145 | Hell     | Found a gateway to the ashen valley of Gehenna.
 78150 | Hell     | Noticed an ancient lich
 78152 | Hell     | Noticed Lutanlam the pandemonium lord
 78165 | Hell     | Killed an ancient lich
 78166 | Hell     | Killed Lutanlam the pandemonium lord
 78230 | Hell     | Found a gateway to the freezing wastes of Cocytus.
 78260 | Coc:1    | Entered Level 1 of Cocytus
 78311 | Coc:2    | Noticed Okhlati the pandemonium lord
 78319 | Coc:2    | Killed Okhlati the pandemonium lord
 78405 | Coc:2    | Reached skill level 19 in Unarmed Combat
 78653 | Coc:4    | Gained mutation: Potions are poor at restoring your health.
                  | [a cacodemon]
 78738 | Coc:5    | Reached skill level 20 in Unarmed Combat
 78743 | Coc:5    | Lost mutation: You rapidly evolve. [decline of evolution]
 78869 | Coc:5    | Noticed Xuaroem the pandemonium lord
 78887 | Coc:5    | HP: 23/276 [balrug/+0 demon whip (16)]
 78893 | Coc:5    | Killed Xuaroem the pandemonium lord
 79012 | Coc:6    | Noticed Baaluboxt the pandemonium lord
 79027 | Coc:6    | Reached skill level 21 in Unarmed Combat
 79028 | Coc:6    | Killed Baaluboxt the pandemonium lord
 79066 | Coc:6    | Gained mutation: Your body sometimes deteriorates upon
                  | taking damage. [mutagenic glow]
 79111 | Coc:6    | Gained mutation: Your spells are easier to cast, but less
                  | powerful. [mutagenic glow]
 79306 | Coc:6    | Reached skill level 22 in Unarmed Combat
 79377 | Coc:6    | Noticed a seraph
 79388 | Coc:6    | Killed a seraph
 79460 | Coc:6    | HP: 14/276 [titan skeleton[the effects of Hell] (23)]
 79461 | Coc:6    | Noticed Amom the pandemonium lord
 79468 | Coc:6    | HP: 25/414 [Amom the pandemonium lord (22)]
 79470 | Coc:6    | Killed Amom the pandemonium lord
 79557 | Coc:6    | Reached skill level 23 in Unarmed Combat
 79633 | Coc:6    | Noticed Minavero the pandemonium lord
 79638 | Coc:6    | Noticed Totan the pandemonium lord
 79639 | Coc:6    | Killed Minavero the pandemonium lord
 79646 | Coc:6    | Killed Totan the pandemonium lord
 79727 | Coc:6    | Lost mutation: You are weak. (Str -2) [evolution]
 79869 | Coc:7    | Entered Level 7 of Cocytus
 80003 | Coc:7    | Reached skill level 24 in Unarmed Combat
 80007 | Coc:7    | Noticed Xaop the pandemonium lord
 80015 | Coc:7    | Killed Xaop the pandemonium lord
 80072 | Coc:7    | Noticed Oso Umao the pandemonium lord
 80078 | Coc:7    | Killed Oso Umao the pandemonium lord
 80183 | Coc:7    | Noticed Gyggunaq the pandemonium lord
 80191 | Coc:7    | Killed Gyggunaq the pandemonium lord
 80191 | Coc:7    | Reached skill level 25 in Unarmed Combat
 80213 | Coc:7    | Noticed Iric Vak the pandemonium lord
 80239 | Coc:7    | Killed Iric Vak the pandemonium lord
 80316 | Coc:7    | Noticed Jajim the pandemonium lord
 80332 | Coc:7    | Killed Jajim the pandemonium lord
 80452 | Coc:7    | Noticed a seraph
 80459 | Coc:7    | Killed a seraph
 80467 | Coc:7    | Reached skill level 26 in Unarmed Combat
 80508 | Coc:7    | Noticed Batweoz the pandemonium lord
 80517 | Coc:7    | Killed Batweoz the pandemonium lord
 80549 | Coc:7    | Identified the +9 dagger of the Lurker {elec, Str+5}
 80553 | Coc:7    | Identified the +6 arbalest of Ozxeafua {penet, Int+2 SInv
                  | Stlth+}
 80556 | Coc:7    | Gained mutation: Your body often deteriorates upon taking
                  | damage. [mutagenic glow]
 80576 | Coc:7    | Noticed Antaeus
 80591 | Coc:7    | Killed Antaeus
 80602 | Coc:7    | Got an icy rune of Zot
 80651 | Coc:7    | Noticed a seraph
 80655 | Coc:7    | Identified the cursed -5 buckler of Beauty {rF+ Str+7
                  | Int+4}
 80662 | Coc:7    | Killed a seraph
 80671 | Coc:7    | Reached skill level 27 in Unarmed Combat
 80745 | Coc:7    | Noticed Plog the pandemonium lord
 80751 | Coc:7    | Killed Plog the pandemonium lord
 80829 | Dis:1    | Entered Level 1 of the Iron City of Dis
 80956 | Dis:2    | Noticed Tinaorch the pandemonium lord
 80962 | Dis:2    | Killed Tinaorch the pandemonium lord
 80977 | Dis:2    | Reached skill level 23 in Dodging
 81019 | Dis:3    | Gained mutation: Your muscles are strong. (Str +2)
                  | [evolution]
 81029 | Dis:3    | You fall through a shaft!
 81518 | Dis:5    | Noticed Joxtarch the pandemonium lord
 81528 | Dis:5    | Killed Joxtarch the pandemonium lord
 81528 | Dis:5    | Reached skill level 24 in Dodging
 81623 | Dis:5    | Noticed Ynaguki the pandemonium lord
 81630 | Dis:5    | Killed Ynaguki the pandemonium lord
 81747 | Dis:7    | Entered Level 7 of the Iron City of Dis
 81874 | Dis:7    | Reached skill level 25 in Dodging
 81894 | Dis:7    | Noticed Havaxal the pandemonium lord
 81905 | Dis:7    | Killed Havaxal the pandemonium lord
 82075 | Dis:7    | Reached skill level 26 in Dodging
 82077 | Dis:7    | Identified the +4 staff of Dispater
 82077 | Dis:7    | Noticed Dispater
 82087 | Dis:7    | Killed Dispater
 82109 | Dis:7    | Noticed Hebeth the pandemonium lord
 82115 | Dis:7    | Killed Hebeth the pandemonium lord
 82146 | Dis:7    | Got an iron rune of Zot
 82150 | Dis:7    | Got a crude bronze ring
 82216 | Dis:7    | Found the +3 crown of Dyrovepreva {rElec Int+2 SInv}
 82491 | Hell     | Gained mutation: Your spells are much easier to cast, but
                  | much less powerful. [mutagenic glow]
 82509 | Hell     | Learned a level 5 spell: Aura of Abjuration
 82528 | Hell     | Found a gateway to the decaying netherworld of Tartarus.
 82546 | Tar:1    | Entered Level 1 of Tartarus
 82551 | Tar:1    | Reached skill level 27 in Dodging
 82590 | Tar:1    | Noticed Kimeq the pandemonium lord
 82598 | Tar:1    | Killed Kimeq the pandemonium lord
 82598 | Tar:1    | Reached skill level 2 in Summonings
 82629 | Tar:1    | Reached skill level 3 in Summonings
 82649 | Tar:1    | Noticed Tiuzog the pandemonium lord
 82651 | Tar:1    | Reached skill level 24 in Fighting
 82659 | Tar:1    | Killed Tiuzog the pandemonium lord
 82662 | Tar:1    | Reached skill level 4 in Summonings
 82689 | Tar:1    | Reached skill level 5 in Summonings
 82817 | Tar:2    | Reached skill level 6 in Summonings
 82844 | Tar:2    | Noticed Elym the pandemonium lord
 82849 | Tar:2    | Killed Elym the pandemonium lord
 82849 | Tar:2    | Reached skill level 7 in Summonings
 82862 | Tar:2    | Reached skill level 8 in Summonings
 82864 | Tar:2    | Noticed Gatyaf the pandemonium lord
 82869 | Tar:2    | Killed Gatyaf the pandemonium lord
 83000 | Tar:3    | Reached skill level 9 in Summonings
 83155 | Tar:4    | Reached skill level 25 in Fighting
 83157 | Tar:4    | Reached skill level 10 in Summonings
 83338 | Tar:7    | Entered Level 7 of Tartarus
 83464 | Tar:7    | Noticed an ancient lich
 83468 | Tar:7    | Killed an ancient lich
 83488 | Tar:7    | Reached skill level 26 in Fighting
 83503 | Tar:7    | Noticed a seraph
 83509 | Tar:7    | Killed a seraph
 83542 | Tar:7    | Noticed Kohe the pandemonium lord
 83544 | Tar:7    | Killed Kohe the pandemonium lord
 83586 | Tar:7    | Noticed Dogiec the pandemonium lord
 83597 | Tar:7    | Killed Dogiec the pandemonium lord
 83623 | Tar:7    | Noticed an ancient lich
 83629 | Tar:7    | Killed an ancient lich
 83629 | Tar:7    | Reached skill level 27 in Fighting
 83663 | Tar:7    | Noticed Verch the pandemonium lord
 83663 | Tar:7    | Noticed Adaru the pandemonium lord
 83668 | Tar:7    | Killed Adaru the pandemonium lord
 83674 | Tar:7    | Reached skill level 11 in Summonings
 83678 | Tar:7    | Killed Verch the pandemonium lord
 83732 | Tar:7    | Reached skill level 12 in Summonings
 83742 | Tar:7    | Noticed Ereshkigal
 83749 | Tar:7    | Noticed Suotyode the pandemonium lord
 83757 | Tar:7    | Killed Ereshkigal
 83762 | Tar:7    | Killed Suotyode the pandemonium lord
 83762 | Tar:7    | Reached skill level 13 in Summonings
 83820 | Tar:7    | Reached skill level 14 in Summonings
 83851 | Tar:7    | Got a bone rune of Zot
 83869 | Tar:7    | Noticed Joweorr the pandemonium lord
 83874 | Tar:7    | Killed Joweorr the pandemonium lord
 84014 | Geh:1    | Entered Level 1 of Gehenna
 84032 | Geh:1    | Noticed Naghypti the pandemonium lord
 84039 | Geh:1    | Killed Naghypti the pandemonium lord
 84039 | Geh:1    | Reached skill level 15 in Summonings
 84048 | Geh:1    | Reached skill level 11 in Air Magic
 84133 | Geh:2    | Noticed Beqaf the pandemonium lord
 84140 | Geh:2    | Killed Beqaf the pandemonium lord
 84140 | Geh:2    | Reached skill level 12 in Air Magic
 84331 | Geh:3    | Reached skill level 13 in Air Magic
 84422 | Geh:5    | Noticed Geso the pandemonium lord
 84482 | Geh:6    | Reached skill level 14 in Air Magic
 84507 | Geh:6    | Noticed a seraph
 84507 | Geh:6    | Identified the +8 large shield of Marbles {rF+ rN+ MP-9
                  | Dex+6}
 84516 | Geh:6    | Killed a seraph
 84559 | Geh:6    | Reached skill level 15 in Air Magic
 84594 | Geh:6    | Noticed Fukhlis the pandemonium lord
 84595 | Geh:6    | Killed Fukhlis the pandemonium lord
 84637 | Geh:6    | Noticed Nupnunir the pandemonium lord
 84643 | Geh:6    | Killed Nupnunir the pandemonium lord
 84651 | Geh:6    | Reached skill level 16 in Air Magic
 84668 | Geh:6    | Noticed Onoojuob the pandemonium lord
 84683 | Geh:6    | Killed Onoojuob the pandemonium lord
 84764 | Geh:7    | Entered Level 7 of Gehenna
 84809 | Geh:7    | Reached skill level 17 in Air Magic
 84843 | Geh:7    | Lost mutation: Your spells are much easier to cast, but
                  | much less powerful. [evolution]
 84843 | Geh:7    | Lost mutation: You evolve. [end of evolution]
 84884 | Geh:7    | Identified the +7 sceptre of Asmodeus
 84884 | Geh:7    | Noticed Asmodeus
 84894 | Geh:7    | Killed Asmodeus
 84919 | Geh:7    | Reached skill level 18 in Air Magic
 84928 | Geh:7    | Got an obsidian rune of Zot
 84990 | Geh:7    | Identified the +2 large shield "Jucytuer" {rCorr}
 85018 | Geh:7    | Noticed Cixecroack the pandemonium lord
 85024 | Geh:7    | Killed Cixecroack the pandemonium lord
 85044 | Geh:7    | Got a fine pewter amulet
 85053 | Geh:7    | Reached skill level 19 in Air Magic
 85068 | Geh:7    | Identified the amulet "Put-Me-On" {Gourm Slay+2} (You found
                  | it on level 7 of Gehenna)
 85069 | Geh:7    | Identified the ring "Peepp" {Fire +Fly rPois Dex+2} (You
                  | found it on level 7 of the Iron City of Dis)
 85084 | Geh:7    | Noticed Zotsa the pandemonium lord
 85163 | Pan      | Entered Pandemonium
 85212 | Pan      | Noticed Sosaosh the pandemonium lord
 85220 | Pan      | Killed Sosaosh the pandemonium lord
 85239 | Pan      | Noticed Deim the pandemonium lord
 85242 | Pan      | Killed Deim the pandemonium lord
 85246 | Pan      | Noticed an ancient lich
 85249 | Pan      | Killed an ancient lich
 85249 | Pan      | Reached skill level 20 in Air Magic
 85279 | Pan      | Noticed Iqosh the pandemonium lord
 85283 | Pan      | Killed Iqosh the pandemonium lord
 85336 | Pan      | Got a demonic rune of Zot
 85626 | Pan      | Reached skill level 21 in Air Magic
 85857 | Pan      | Gained mutation: You frequently scream uncontrollably at
                  | your foes. [a neqoxec]
 85859 | Pan      | Lost mutation: Your system is resistant to poisons. (rPois)
                  | [a neqoxec]
 85917 | Pan      | Identified the +6 large shield of the Sturgeon {Dex+3}
 85932 | Pan      | Gained mutation: You are very frail. (-20% HP) [a neqoxec]
 85942 | Pan      | Noticed Kuitrop the pandemonium lord
 85946 | Pan      | HP: 21/292 [hellion/damnation (37)]
 85954 | Pan      | Killed Kuitrop the pandemonium lord
 85976 | Pan      | HP: 20/253 [monstrous warmonger (7)]
 85976 | Pan      | Slain by an Executioner

Levels and vault maps discovered:
D:1:      minmay_arrival_up_and_down, layout_loops_cross
D:2:      layout_basic, nemelex_xobeh_ov_fountains_minmay, first_ration,
          trog_book, uniq_natasha
D:3:      layout_basic, zin_treasury, minmay_misc_feat_encased,
          minmay_misc_feat_secret_circle, uniq_ijyb, uniq_grinder
D:4:      layout_loops_ring, marbit_many_paths, vehumet_crystals,
          minmay_temple_entry_crystal_x, nicolae_ru_great_annihilating_truth
D:5:      kennysheep_slugbush, layout_basic, kennysheep_little_box,
          nicolae_gozag_seed_capital, uniq_menkaure, uniq_edmund, uniq_duvessa,
          uniq_sigmund
D:6:      minmay_evil_eye, layout_rooms
D:7:      kennysheep_steamy, layout_cave_pools
D:8:      layout_cave_pools, slow_altar_2, kiku_gazebo_garden_becter,
          uniq_maurice
D:9:      layout_basic, the_bakery, minmay_holes
D:10:     layout_rooms, due_lair_maze_entry_diamond
D:11:     layout_loops_ring, orc_0_dummy, uniq_sonja, uniq_josephine
D:12:     lemuel_ice_statue, layout_basic
D:13:     layout_rooms, david_vaults_2
D:14:     layout_cave_pods, fedhas_altar_1
D:15:     gammafunk_depths_entry_grave, layout_stronghold
Temple:   eino_temple_lava
Lair:1:   layout_cave_shapes, basic_altar, beast_lair_carwin_7
Lair:2:   layout_misc_corridors, elwin_shoals_entry_stream, grunt_megastairs_5
Lair:3:   regret_index_harrowing_hell_hive, layout_chaotic_city,
          spider_nest_entry_rubble, uniq_nergalle
Lair:4:   layout_hall_layers, portal_ice_cave_demonic_guard,
          chequers_serial_rivers_micro_c, lemuel_fruit_fields
Lair:5:   layout_loops_ring, nicolae_slime_entry_slimehenge, minivault_24,
          uniq_rupert
Lair:6:   due_jungle_book, layout_long_grid, lemuel_fruit_fields,
          infiniplex_staircase_pool_2
Shoals:1: layout_shoals, serial_shops, nicolae_shop_statue_plus
Shoals:2: layout_shoals
Shoals:3: cheibrodos_shoals_oceanic_diplomacy, layout_shoals
Shoals:4: shoals_end_hangedman, layout_shoals, shoal_ilsuiw,
          nicolae_shoals_kraken_intersection
Spider:1: layout_spider_delve, einodemon_crawler_minivault
Spider:2: layout_spider_delve, uniq_frances
Spider:3: layout_spider_delve, uniq_bai_suzhen, uniq_louise
Spider:4: floodkiller_spider_rune_tomb, nicolae_spider_nook
Orc:1:    layout_diamond_mine, basic_altar, enter_bailey_3, serial_shops, shop
Orc:2:    grunt_orc_cross, layout_diamond_mine, minmay_orc_temple_a
Elf:1:    layout_loops_cross, orc_legates, uniq_donald
Elf:2:    layout_geoelf_grid, lemuel_flamethrower_2, uniq_jorgrun
Elf:3:    minmay_elf_hall_not_hex, layout_gridlike, mu_enter_wizlab_3,
          grunt_ministairs_10, kb_rosetta, minmay_shoptagon
Vaults:1: nicolae_vaults_little_squares_5, v_misc_23,
          nicolae_vaults_circle_grid_a, ontoclasm_vaults_ligature,
          hangedman_vaults_capsules, v_misc_23, grunt_vaults_funnel,
          nicolae_vaults_statue_guard, vaults_room_grunt_arrival_ludios,
          layout_vaults_big_room, enter_trove_6
Vaults:2: nicolae_vaults_what_the_h, hangedman_vaults_restitches,
          vaults_room_hallway, nicolae_vaults_shelves_hall, vaults_room_pool,
          layout_vaults_omnigrid, portal_desolation_entry_nicolae_slug
Vaults:3: v_misc_4, v_misc_28, nicolae_vaults_network_quincunx
          [nicolae_vaults_network_quincunx_subvault,
          nicolae_vaults_network_quincunx_subvault,
          nicolae_vaults_network_quincunx_subvault,
          nicolae_vaults_network_quincunx_subvault,
          nicolae_vaults_network_quincunx_subvault], v_misc_22,
          ontoclasm_vaults_tryst, hangedman_vaults_trim,
          minmay_crypt_entry_simple_box, ontoclasm_vaults_chip,
          nicolae_vaults_triangles, vaults_room_door_ring,
          nicolae_vaults_asterisk, nicolae_vaults_quadrants,
          ontoclasm_vaults_shuriken, nicolae_vaults_little_squares_6,
          layout_vaults_omnibox
Vaults:4: nicolae_vaults_display_case, v_rooms_3, nicolae_vaults_gold_heap,
          nicolae_vaults_little_squares_3, nicolae_vaults_alarming, v_rooms_1,
          vaults_room_hallway, hangedman_vaults_nodes,
          nicolae_vaults_angled_halls, vaults_room_ringed_pool, v_pattern_4,
          vaults_room_stairs_pillars, vaults_room_grid,
          nicolae_vaults_twisting_passages, layout_vaults_omnicross, uniq_jory
Vaults:5: uniq_mara
Crypt:1:  hangedman_screamer, layout_gridlike, grunt_crypt_arrival_guarded_gate
Crypt:2:  layout_misc_corridors, uniq_mennas
Crypt:3:  lightli_unholy_cathedral, layout_chaotic_city, columned_hall_lemuel,
          hangedman_crypt_dual_shrines
Depths:1: thingy_vault, layout_cave_shapes, chequers_serial_rivers_micro_b,
          pf_hell_entry_tar_spiral, kennysheep_generic_room_15,
          serial_bayou_shore_b
Depths:2: evilmike_lava_path, layout_cave_pools, nrook_uturn, hell_entry,
          gammafunk_ghost_crypt, minmay_hidden_floor
Depths:3: kennysheep_funnel, layout_twisted_cross, enter_ziggurat_f,
          pf_coc_iceberg, abyss_entry_glasseish, rand_demon_pan_entry_7,
          hangedman_decor_diamond_cutter
Depths:4: minmay_tri_box, layout_basic, abyss_entry, hell_entry,
          gammafunk_ghost_wrathful_warriors, rand_demon_pan_entry_3,
          bh_walls_and_bars
Depths:5: grunt_zot_entry_bicorn, layout_basic, minmay_misc_feat_four_crosses,
          abyss_entry_crystal, pan_entry, serial_shops, bzr_entry_road,
          hell_entry, drop_trap
Hell
Dis:1:    layout_subdivisions
Dis:2:    layout_regular_city
Dis:3:    layout_subdivisions, hangedman_dis_decor_blocks_crown,
          hangedman_dis_chains, grunt_megastairs_4
Dis:4:    layout_subdivisions, grunt_megastairs_3
Dis:5:    layout_subdivisions
Dis:6:    layout_regular_city
Dis:7:    dis_grunt_layers
Geh:1:    layout_gehenna_lava_caves, lemuel_hellish_altar
Geh:2:    layout_gehenna_pools_basic
Geh:3:    layout_gehenna_pools_basic
Geh:4:    layout_gehenna_pools_box
Geh:5:    layout_gehenna_pools_triple, grunt_megastairs_1
Geh:6:    layout_gehenna_pools_box
Geh:7:    evilmike_geh
Coc:1:    layout_cocytus_water_paths
Coc:2:    layout_cocytus_water_paths
Coc:3:    layout_ice_bergs
Coc:4:    layout_cocytus_water_paths
Coc:5:    layout_cocytus_water_paths
Coc:6:    layout_ice_bergs
Coc:7:    coc_old
Tar:1:    layout_cathedral_of_symmetry
Tar:2:    layout_honeycomb
Tar:3:    layout_cathedral_of_symmetry, nicolae_tar_cuneiform_water
Tar:4:    layout_catacombs, grunt_tartarus_stairs_gauntlet_trap
Tar:5:    layout_grid_maze
Tar:6:    layout_grid_maze, nicolae_tar_cuneiform_sun
Tar:7:    tar_grunt_cathedral
Zot:1:    layout_basic
Zot:2:    cheibrodos_zot_enchanting_chambers, layout_basic, basic_altar
Zot:3:    layout_concentric_octagons, hangedman_zot_gyre
Zot:4:    layout_twisted_circle
Zot:5:    layout_onion, bh_zot_levy_curve
Abyss:1:  hangedman_abyss_batty_box, evilmike_abyss_exit_15
Abyss:2
Abyss:3:  hangedman_abyss_rune_macabre_mess, guppyfry_abyss_exit_spiral_guarded
Abyss:5:  evilmike_abyss_rune_siren_acolytes
Pan:      regret_index_pan_draining_boxed, layout_irregular_city,
          reaverb_pan_figure_eight, nicolae_pan_cerebovesque_1
Zig:1
Zig:2
Zig:3:    ziggurat_pillar_abc, ziggurat_pillar_abc, ziggurat_pillar_abc,
          ziggurat_pillar_abc
Zig:4
Zig:5
Zig:6:    ziggurat_pillar_abc, ziggurat_pillar_abc, ziggurat_pillar_abc,
          ziggurat_pillar_abc
Zig:7
Zig:8
Zig:9
Zig:10
Zig:11
Zig:12
Zig:13
Zig:14
Zig:15
Zig:16
Zig:17
Zig:18
Zig:19
Zig:20:   ziggurat_pillar_abc, ziggurat_pillar_abc, ziggurat_pillar_abc,
          ziggurat_pillar_abc
Zig:21
Zig:22
Zig:23:   ziggurat_pillar_abc, ziggurat_pillar_abc, ziggurat_pillar_abc,
          ziggurat_pillar_abc
Zig:24
Zig:25
Zig:26
Zig:27
Bazaar:   bazaar_minmay_trees
Trove:    trove_simple
Bailey:   bailey_polearm_5, bailey
IceCv:    ice_cave_small_giant
WizLab:   wizlab_zonguldrok

Skill      XL: |  1  2  3  4  5  6  7  8  9 10 11 12 13 14 15 16 17 18 19 20 21 22 23 24 25 26 27 |
---------------+----------------------------------------------------------------------------------+-----
Axes           | 2 3 4 5 6 7 8 9 11 14 | 14.6
Shields        | 3 4 5 6 7 8 9 10 11 14 18 20 25 | 25.0
Dodging        | 1 2 3 4 5 6 7 8 10 11 13 15 27 | 27.0
Fighting       | 4 5 6 7 8 9 10 11 12 15 27 | 27.0
Invocations    | 2 4 6 8 9 10 20 | 20.6
Armour         | 3 4 5 7 8 9 10 11 | 11.0
Necromancy     | 7 11 12 | 12.3
Charms         | 5 6 10 12 | 12.3
Spellcasting   | 4 14 | 14.5
Polearms       | 6 |  6.8
Stealth        | 13 | 13.8
Transmutations | 5 10 13 14 | 14.0
Earth Magic    | 5 10 13 14 | 14.0
Unarmed Combat | 3 10 15 16 27 | 27.0
Air Magic      | 8 21 | 21.7
Translocations | 8 |  8.0
Hexes          | 18 | 18.9
Summonings     | 15 | 15.0

Action                   |  1- 3 |  4- 6 |  7- 9 | 10-12 | 13-15 | 16-18 | 19-21 | 22-24 | 25-27 || total
-------------------------+-------+-------+-------+-------+-------+-------+-------+-------+-------++-------
Melee: War axe           |    97 |   139 |   165 |       |       |       |       |  1500 |  1598 ||  3499
       Kick              |       |    29 |   115 |   342 |   603 |   573 |   469 |   754 |  2445 ||  5330
       Flail             |       |       |   253 |  1050 |  1550 |       |       |       |       ||  2853
       Unarmed           |       |       |     3 |       |       |       |       |    23 |  3438 ||  3464
       Punch             |       |       |     1 |       |       |       |       |       |     1 ||     2
       Hand axe          |       |       |       |       |   140 |       |       |       |       ||   140
       Spear             |       |       |       |       |   113 |   294 |       |       |       ||   407
       Demon trident     |       |       |       |       |       |  1345 |  2080 |   411 |       ||  3836
       Broad axe         |       |       |       |       |       |       |       |       |  1545 ||  1545
 Fire: Fustibalus        |       |       |       |       |    76 |       |       |       |       ||    76
Throw: Stone             |       |       |       |    42 |       |       |       |       |       ||    42
       Javelin           |       |       |       |       |     8 |       |       |       |     1 ||     9
       Throwing net      |       |       |       |       |     2 |       |       |       |       ||     2
 Cast: Regeneration      |       |       |       |       |     1 |    34 |    35 |    25 |    83 ||   178
       Song of Slaying   |       |       |       |       |       |     2 |     1 |       |    25 ||    28
       Statue Form       |       |       |       |       |       |       |       |     4 |   161 ||   165
       Borgnjor's Vile C |       |       |       |       |       |       |       |       |   111 ||   111
       Lesser Beckoning  |       |       |       |       |       |       |       |       |   129 ||   129
       Darkness          |       |       |       |       |       |       |       |       |    15 ||    15
       Deflect Missiles  |       |       |       |       |       |       |       |       |     9 ||     9
       Apportation       |       |       |       |       |       |       |       |       |     3 ||     3
       Blink             |       |       |       |       |       |       |       |       |     3 ||     3
       Aura of Abjuratio |       |       |       |       |       |       |       |       |     2 ||     2
Invok: Heroism           |       |       |    11 |    35 |    53 |    31 |    28 |    42 |    24 ||   224
       Finesse           |       |       |       |     2 |     7 |     5 |     3 |     6 |     4 ||    27
 Abil: Evoke Flight      |       |       |       |     1 |     3 |    13 |       |       |    13 ||    30
       Evoke Invisibilit |       |       |       |       |     1 |       |       |       |       ||     1
       End Transformatio |       |       |       |       |       |       |       |       |     2 ||     2
Evoke: Wand              |       |       |       |    41 |     7 |       |       |    10 |     8 ||    66
  Use: Potion            |       |     2 |     6 |     5 |     3 |     7 |     2 |     7 |    55 ||    87
       Scroll            |       |     1 |     3 |    11 |    17 |    19 |     7 |    13 |    81 ||   152
 Stab: Paralysed         |       |     1 |       |     3 |       |       |       |       |     1 ||     5
       Invisible         |       |       |     3 |     1 |     1 |       |       |       |       ||     5
       Distracted        |       |       |       |     1 |     1 |     9 |    10 |     7 |    11 ||    39
       Sleeping          |       |       |       |       |     1 |    44 |    40 |    37 |    74 ||   196
       Fleeing           |       |       |       |       |       |       |       |     1 |       ||     1
       Confused          |       |       |       |       |       |       |       |       |     5 ||     5
  Eat: Chunk             |     1 |     5 |    12 |    24 |    36 |    31 |    31 |    22 |    62 ||   224
       Ration            |       |       |       |     3 |     3 |     1 |     1 |     8 |    46 ||    62
Armor: Scale mail        |    61 |    41 |   134 |   200 |   357 |   265 |   110 |    76 |   116 ||  1360
       Skin              |       |    27 |       |       |       |       |       |    10 |  1742 ||  1779
       Troll leather arm |       |       |       |       |       |       |       |       |    32 ||    32
Dodge: Dodged            |    67 |    66 |   226 |   488 |  1134 |   596 |   392 |   477 |  6630 || 10076
       Deflected         |       |       |       |       |       |       |       |       |   145 ||   145
Block: Shield            |       |       |   174 |   609 |   892 |       |       |       |       ||  1675
       Large shield      |       |       |       |       |   785 |  1630 |  1819 |  1849 | 13188 || 19271
       Reflection        |       |       |       |       |       |       |    28 |   157 |   268 ||   453
       Other             |       |       |       |       |       |       |       |       |     2 ||     2

Table legend:
 A = Non-vault XP
 B = Vault XP
 C = Vault XP percentage of total XP
 D = Non-vault monster count
 E = Vault monster count
 F = Vault count percentage of total count
                 A         B        C        D         E       F
            +---------+---------+-------+---------+---------+-------
      Total | 2800936 | 1283962 |  31.4 |    3621 |    1269 |  26.0
            +---------+---------+-------+---------+---------+-------
        D:1 |      34 |       0 |   0.0 |      14 |       0 |   0.0
        D:2 |      89 |      35 |  28.2 |      21 |       1 |   4.5
        D:3 |      84 |     302 |  78.2 |      32 |       2 |   5.9
        D:4 |     607 |     452 |  42.7 |      23 |       8 |  25.8
        D:5 |     672 |     428 |  38.9 |      28 |      11 |  28.2
        D:6 |    1139 |     165 |  12.7 |      34 |       2 |   5.6
        D:7 |    3929 |     390 |   9.0 |      50 |       2 |   3.8
        D:8 |     487 |     503 |  50.8 |      20 |       2 |   9.1
        D:9 |    2739 |     211 |   7.2 |      37 |       1 |   2.6
       D:10 |    3693 |    1096 |  22.9 |      43 |       9 |  17.3
       D:11 |    2300 |    2966 |  56.3 |      20 |       7 |  25.9
       D:12 |    4224 |     437 |   9.4 |      25 |       1 |   3.8
       D:13 |    7118 |    2403 |  25.2 |      25 |       6 |  19.4
       D:14 |    1510 |       0 |   0.0 |      10 |       0 |   0.0
       D:15 |   12310 |    3994 |  24.5 |      31 |       8 |  20.5
     Lair:1 |    4289 |    1105 |  20.5 |      10 |       5 |  33.3
     Lair:2 |    2179 |    2534 |  53.8 |       7 |       7 |  50.0
     Lair:3 |    4106 |    7048 |  63.2 |      14 |      50 |  78.1
     Lair:4 |    3620 |     702 |  16.2 |      16 |       2 |  11.1
     Lair:5 |    3801 |    3051 |  44.5 |      19 |       5 |  20.8
     Lair:6 |   14567 |    2834 |  16.3 |      28 |       5 |  15.2
   Shoals:1 |   10930 |       0 |   0.0 |      20 |       0 |   0.0
   Shoals:2 |   14810 |       0 |   0.0 |      25 |       0 |   0.0
   Shoals:3 |    7428 |    5333 |  41.8 |      15 |      10 |  40.0
   Shoals:4 |   11813 |   28056 |  70.4 |      25 |      40 |  61.5
   Spider:1 |   12852 |    1233 |   8.8 |      42 |       4 |   8.7
   Spider:2 |    9019 |    2377 |  20.9 |      23 |       1 |   4.2
   Spider:3 |   10883 |    7244 |  40.0 |      28 |       2 |   6.7
   Spider:4 |   15971 |   39942 |  71.4 |      42 |      82 |  66.1
      Orc:1 |    1744 |       7 |   0.4 |      23 |       4 |  14.8
      Orc:2 |    1835 |    7613 |  80.6 |      38 |      42 |  52.5
      Elf:1 |   13820 |   17444 |  55.8 |      22 |      28 |  56.0
      Elf:2 |   14324 |   26070 |  64.5 |      25 |      30 |  54.5
      Elf:3 |   24434 |   57212 |  70.1 |      38 |      42 |  52.5
   Vaults:1 |   63592 |   16661 |  20.8 |     116 |      24 |  17.1
   Vaults:2 |   27835 |    8811 |  24.0 |      39 |      17 |  30.4
   Vaults:3 |   21806 |   26479 |  54.8 |      39 |      34 |  46.6
   Vaults:4 |   55723 |   26871 |  32.5 |      79 |      44 |  35.8
   Vaults:5 |   55019 |  119740 |  68.5 |      70 |      86 |  55.1
    Crypt:1 |   24031 |   20623 |  46.2 |      55 |      32 |  36.8
    Crypt:2 |   31272 |    7744 |  19.8 |      43 |       1 |   2.3
    Crypt:3 |   40010 |   53965 |  57.4 |      43 |      45 |  51.1
   Depths:1 |   41066 |   21599 |  34.5 |      51 |      18 |  26.1
   Depths:2 |   62626 |   67162 |  51.7 |      77 |      29 |  27.4
   Depths:3 |   23949 |    4223 |  15.0 |      28 |       6 |  17.6
   Depths:4 |   34290 |   32371 |  48.6 |      38 |      25 |  39.7
   Depths:5 |   41145 |   21487 |  34.3 |      39 |      15 |  27.8
       Hell |   24200 |   38469 |  61.4 |      32 |      45 |  58.4
      Dis:1 |   18400 |       0 |   0.0 |      10 |       0 |   0.0
      Dis:2 |    4768 |       0 |   0.0 |      12 |       0 |   0.0
      Dis:3 |    8117 |       0 |   0.0 |      12 |       0 |   0.0
      Dis:4 |    4825 |       0 |   0.0 |       6 |       0 |   0.0
      Dis:5 |   50362 |       0 |   0.0 |      38 |       0 |   0.0
      Dis:6 |     352 |       0 |   0.0 |       1 |       0 |   0.0
      Dis:7 |   40859 |   93620 |  69.6 |      24 |      63 |  72.4
      Geh:1 |   20625 |       0 |   0.0 |      29 |       0 |   0.0
      Geh:2 |   20100 |       0 |   0.0 |      45 |       0 |   0.0
      Geh:3 |   10842 |       0 |   0.0 |      20 |       0 |   0.0
      Geh:4 |    6894 |       0 |   0.0 |       8 |       0 |   0.0
      Geh:5 |    2962 |     921 |  23.7 |       6 |       2 |  25.0
      Geh:6 |   36683 |       0 |   0.0 |      65 |       0 |   0.0
      Geh:7 |   36607 |   47632 |  56.5 |      24 |      21 |  46.7
      Coc:2 |   13682 |       0 |   0.0 |      18 |       0 |   0.0
      Coc:3 |   11105 |       0 |   0.0 |      18 |       0 |   0.0
      Coc:4 |   10791 |       0 |   0.0 |      33 |       0 |   0.0
      Coc:5 |   37873 |       0 |   0.0 |      71 |       0 |   0.0
      Coc:6 |   59756 |       0 |   0.0 |      61 |       0 |   0.0
      Coc:7 |   91937 |   58417 |  38.9 |      85 |      42 |  33.1
      Tar:1 |   45538 |       0 |   0.0 |      25 |       0 |   0.0
      Tar:2 |   42770 |       0 |   0.0 |      28 |       0 |   0.0
      Tar:3 |   13205 |       0 |   0.0 |      14 |       0 |   0.0
      Tar:4 |    5849 |       0 |   0.0 |      10 |       0 |   0.0
      Tar:5 |    5081 |       0 |   0.0 |       4 |       0 |   0.0
      Tar:6 |    6288 |       0 |   0.0 |       3 |       0 |   0.0
      Tar:7 |   73616 |   90817 |  55.2 |      43 |      45 |  51.1
      Zot:1 |   59810 |       0 |   0.0 |      40 |       0 |   0.0
      Zot:2 |   48776 |   51193 |  51.2 |      27 |      29 |  51.8
      Zot:3 |   91222 |    1978 |   2.1 |      50 |       2 |   3.8
      Zot:4 |   40188 |       0 |   0.0 |      24 |       0 |   0.0
      Zot:5 |   36164 |  157477 |  81.3 |      26 |      43 |  62.3
    Abyss:1 |    9732 |    2006 |  17.1 |      27 |       6 |  18.2
    Abyss:2 |    7986 |       0 |   0.0 |      15 |       0 |   0.0
    Abyss:3 |   55966 |   25436 |  31.2 |     110 |      58 |  34.5
        Pan |   39573 |   42935 |  52.0 |      42 |      33 |  44.0
      Zig:1 |     259 |       0 |   0.0 |       3 |       0 |   0.0
      Zig:2 |    1825 |       0 |   0.0 |       3 |       0 |   0.0
      Zig:3 |    3375 |       0 |   0.0 |       5 |       0 |   0.0
      Zig:4 |    5335 |       0 |   0.0 |       5 |       0 |   0.0
      Zig:5 |    5217 |    2268 |  30.3 |       7 |       4 |  36.4
      Zig:6 |    7583 |       0 |   0.0 |       8 |       0 |   0.0
      Zig:7 |   10770 |       0 |   0.0 |      12 |       0 |   0.0
      Zig:8 |   16383 |       0 |   0.0 |      10 |       0 |   0.0
      Zig:9 |   15244 |       0 |   0.0 |      18 |       0 |   0.0
     Zig:10 |    8566 |       0 |   0.0 |      21 |       0 |   0.0
     Zig:11 |   30794 |       0 |   0.0 |      26 |       0 |   0.0
     Zig:12 |   14564 |       0 |   0.0 |      22 |       0 |   0.0
     Zig:13 |   44421 |       0 |   0.0 |      19 |       0 |   0.0
     Zig:14 |   23420 |       0 |   0.0 |      30 |       0 |   0.0
     Zig:15 |   32314 |       0 |   0.0 |      40 |       0 |   0.0
     Zig:16 |   32641 |       0 |   0.0 |      41 |       0 |   0.0
     Zig:17 |   26433 |       0 |   0.0 |      39 |       0 |   0.0
     Zig:18 |   41622 |       0 |   0.0 |      31 |       0 |   0.0
     Zig:19 |  113680 |       0 |   0.0 |      30 |       0 |   0.0
     Zig:20 |   72588 |       0 |   0.0 |      49 |       0 |   0.0
     Zig:21 |   77947 |       0 |   0.0 |      57 |       0 |   0.0
     Zig:22 |   34052 |       0 |   0.0 |      63 |       0 |   0.0
     Zig:23 |   74980 |       0 |   0.0 |      63 |       0 |   0.0
     Zig:24 |   73310 |       0 |   0.0 |      74 |       0 |   0.0
     Zig:25 |   80768 |       0 |   0.0 |      81 |       0 |   0.0
     Zig:26 |   71653 |       0 |   0.0 |      98 |       0 |   0.0
     Zig:27 |   28303 |       0 |   0.0 |      42 |       0 |   0.0
     Bailey |       0 |    4404 | 100.0 |       0 |      40 | 100.0
      IceCv |       0 |   10112 | 100.0 |       0 |      36 | 100.0
     WizLab |   13661 |    5354 |  28.2 |      28 |       5 |  15.2
            +---------+---------+-------+---------+---------+-------
